Workbook
Name choix1: '[1]Valid données'!$A$1:$A$2
Name choix2: '[1]Valid données'!$B$1:$B$3
Name choix3: '[1]Valid données'!$C$1:$C$4
Name choix4: '[1]Valid données'!$D$1:$D$5
Name COTA: #REF!
Name RéfN4: [2]Réf!$B$100:$F$331

Sheet Mode d'emploi
B5: Evaluation du circuit du médicament
B6: Version 1 - Année 2026

Sheet Informations générales
B6: Evaluation du circuit du médicament
B8: Informations générales
B10: Nom de l'établissement :
B12: Date de l'audit croisé: (xx/xx/20xx)
B14: Nom des auditeurs :
B16: Service 1 audité :
B18: Service 2 audité :

Sheet Audit croisé - Service 1
A1: Objectif | B1: N° de critère | C1: Libellé critère | D1: Niveau d'exigence | E1: Méthode d'évaluation Certification | F1: Eléments d'évaluation | G1: Attendus | H1: Cible de l'évaluation | I1: Questions spécifiques éventuelles | J1: Réponse OUI/NON ou (Non applicable seulement pour les cases grisée) | K1: Commentaires
A2: 2.2 La maîtrise des risques liés aux pratiques | B2: 2.2-02 | C2: Les équipes respectent les bonnes pratiques de prescription des médicaments | D2: Impératif | E2: TC med | F2: La prescription d’entrée prend en compte le traitement habituel du patient. | G2: Toute prescription d’entrée prend en compte le traitement habituel du patient à poursuivre afin que l’analyse pharmaceutique porte sur l’intégralité de la prescription La prescription doit prendre en compte l'ensemble des médicaments (ce qu'il a l'habitude de prendre et ce qui est prescrit durant l'hospitalisation) | H2: Professionnels services | I2: Comment est intégré le traitement habituel du patient dans la prescription ?
E3: TC med | F3: La prescription mentionne clairement l’identification et la signature du prescripteur, la date et l'heure, la dénomination des molécules en DCI, la posologie, le solvant et son volume (injectable), et la voie d’administration. | G3: Toute prescription comporte toutes les informations requises : - identification et signature du prescripteur habilité, identité complète du patient, date et heure, dénomination des molécules en DCI, posologie, solvant et son volume (injectable) et la voie d’administration - en s’adaptant au profil du patient (enfant, patient âgé…) | H3: Professionnels services
E4: TC med | F4: Toute prescription conditionnelle est argumentée en référence à une valeur seuil. | G4: La prescription conditionnelle est une prescription d'un médicament en dose variable en fonction de l'évaluation d'un ou plusieurs paramètres. Pour les prescriptions conditionnelles, l’argumentation en référence à une valeur seuil est tracée : - prescription d’insuline en fonction de la glycémie, prescription de sédation en fonction d’un score de sédation, prescription d’antalgique en fonction d’un score d’évaluation de la douleur, prescription d'un laxatif en cas de constipation indiquant le nombre de jours sans selles La prescription conditionnelle : •concerne une indication clinique prévisible à la consultation et à l'admission, •a des conditions d'administration clairement établies, •comporte une durée maximale de traitement, •stipule le nombre maximal d'administration par période de 24 heures accompagné d'un intervalle temporel entre 2 prises consécutives, •s'applique pour un unique patient défini, •est réévaluée régulièrement | H4: Professionnels services | I4: Pouvez-vous me montrer une prescription conditionnelle ? Comment est mentionné le seuil ?
E5: TC med | F5: Les prescriptions sont réalisées en temps utile par des professionnels habilités sans retranscription par des professionnels non médicaux. | G5: La prescription est réalisée avant l'administration (en temps utile) •Réalisée sur support informatique (élément de sécurisation) ou manuscrite (retranscription non autorisée) •Support unique (prescription + administration) •La liste des prescripteurs habilités doit être tenue et régulièrement mise à jour et retrouvée à la PUI : les médecins - les prescripteurs délégués (internes sous la responsabilité du praticien sous lequel ils sont placés (Article R6153-3 du CSP) - les sages-femmes (uniquement dans leurs domaines de compétence) - les infirmiers en pratique avancée (médicaments et dispositifs médicaux non soumis à prescription médicale obligatoire). | H5: Professionnels services | I5: Pouvez-vous me montrer la réalisation d’une prescription médicale ? Qui réalise les prescriptions dans votre service ? Exemple sur stupéfiants
B6: 2.2-03 | C6: Les équipes respectent les bonnes pratiques de dispensation des médicaments | D6: Standard | E6: TC med | F6: Le pharmacien réalise l’analyse pharmaceutique de l’ordonnance en s'appuyant sur les données biologiques du patient et l’accès à son dossier. | G6: Le pharmacien assure dans son intégralité l’acte de dispensation du médicament, associant à sa délivrance : 1 - l’analyse pharmaceutique de l’ordonnance médicale ; 2 - la préparation éventuelle des doses à administrer ; 3 - la mise à disposition des informations et les conseils nécessaires au bon usage du médicament. •L’analyse pharmaceutique permet la vérification des posologies, des doses, des durées de traitement, du mode et des rythmes d’administration, de l’absence de contre-indications d’interactions et de redondances médicamenteuses. •l’analyse pharmaceutique est réalisée pour les prescriptions en s’appuyant sur les données du patient (accès au dossier patient, accès aux données biologiques…) ; | H6: Pharmacie | I6: Quels sont les services et proportions de prescriptions concernés par l’analyse pharmaceutique ? Comment est organisée l’analyse pharmaceutique ? De quelles données disposez-vous ?
E7: TC med | F7: Les interventions pharmaceutiques sont prises en compte par les services prescripteurs. | G7: •Les interventions pharmaceutiques sont partagées et tracées dans le dossier médical du patient. •La prise en compte de l'avis pharmaceutique par le médecin est tracée dans le DPI/fiche d'intervention pharmaceutique | H7: Professionnels services | I7: Pharmacie : Comment sont diffusées les interventions sur les prescriptions aux médecins ? Comment pouvez-vous contrôler que les prescripteurs les prennent en compte ? Réalisez-vous des audits de bonnes pratiques sur les interventions des pharmaciens par les prescripteurs ? Service de soins : Comment êtes-vous informé des interventions de la pharmacie à la suite de l’analyse pharmaceutique ?
E8: TC med | F8: La délivrance des médicaments est adaptée aux besoins des services (journalier, hebdomadaire, mensuel) au regard des prescriptions. | G8: Les modes de délivrance des médicaments est formalisée (procédure) et répondent aux besoins des services : •Mode de délivrance : individuelle, nominative, globale, reglobalisée... •Adaptation et sécurisation selon services, profils patients, routine/hors routine •Prise en compte des circuits spécialisés : certains antibiotiques, médicaments à risque, les produits avec traçabilité jusqu'au patient (stupéfiants, Médicaments Dérivés du Sang-MDS, Dispositifs Médicaux le plus souvent implantables...) •Délivrances en urgence | H8: Pharmacie | I8: Comment s’organise la délivrance des médicaments ?
E9: TC med | F9: L'avis du pharmacien est sollicité lors des Réunions de Concertation Pluriprofessionnelle. | G9: Les services prescripteurs prennent en compte l’avis/le conseil/les interventions émis par le pharmacien à l’issue de l’analyse pharmaceutique ou lors des Réunions de Concertation Pluridisciplinaire (oncologie, obésité…) | H9: Pharmacie | I9: Participez-vous à des RCP ? Les praticiens vous sollicitent-ils pour un avis au cours des RCP ?
E10: TC med | F10: La gouvernance met à disposition des professionnels de l'établissement un(des) logiciel(s) adapté(s) pour faciliter et optimiser les analyses pharmaceutiques. | G10: Le logiciel doit faciliter l’analyse pharmaceutique en sécurisant les prescriptions, détectant les interactions/contre-indications et soutenant la traçabilité (justification, historisation, continuité des soins). | H10: Pharmacie
E11: TC med | F11: Le choix du(des) logiciel(s) est réalisé en conformité avec le plan de maîtrise des dispositifs médicaux numériques mis en place au sein de l'établissement. | G11: Le logiciel doit être certifié et sécurisé, conforme aux règles HAS/ANS, garantissant la sécurité des données, leur transmission maîtrisée et encadrant toute éventuelle réutilisation par l’éditeur. | H11: Pharmacie | I11: La gouvernance associe les équipes pharmaceutiques si besoin d'achat de ce type de logiciel
B12: 2.2-04 | C12: Les équipes respectent les bonnes pratiques d’approvisionnement des produits de santé | D12: Standard | E12: TC med | F12: Les modalités d’approvisionnement répondent aux besoins des professionnels, notamment pour parer à tout besoin urgent de produits de santé. | G12: Le respect des bonnes pratiques d’approvisionnement des produits de santé (médicaments, dispositifs médicaux stériles et dispositifs médicaux implantables) garantit la disponibilité, la sécurité et la qualité des traitements dispensés aux patients •Existence et mise en œuvre d’une procédure de gestion des commandes par les services, pour approvisionnement (standardisées et en urgence) •Mise en place d'une organisation permettant un approvisionnement des unités de soins en cas de besoins urgents (exemples : convention de dépannage avec un autre établissement, mise à disposition d'une ligne d'astreinte/de garde pharmaceutique, mise à disposition d'une armoire de dotation pour besoins urgents dans le service sous responsabilité IDE, prêts entre services de soins (avec une procédure de traçabilité)) | H12: Professionnels | I12: Pharmacie : Comment et par qui est réalisé l’approvisionnement des médicaments ? Avez-vous mis en place une organisation en cas de besoin urgent et le cas échéant en cas de fermeture de la PUI ? En cas de dispensation automatisée, comment vous organisez-vous si l’automate est en panne ? Quels sont les protocoles en place pour le transport de médicaments dans l’établissement ? Quelle est l’organisation pour les médicaments thermosensibles ? Service de soins : Comment votre pharmacie est-elle approvisionnée ? Qui se charge de l’approvisionnement ? Disposez-vous des médicaments selon vos besoins ? Pouvez-vous me montrer votre pharmacie ?
E13: TC med | F13: Le pharmacien identifie les risques liés aux ruptures de stock, informe les prescripteurs et met en place des actions palliatives en collaboration avec les utilisateurs. | G13: • les éventuelles ruptures de stock sont anticipées au niveau de la pharmacie et communiquées aux services de soins ainsi que les spécialités de remplacement ou les alternatives thérapeutiques mises à disposition. | H13: Professionnels | I13: Pharmacie : Quelle procédure est en place pour identifier les risques liés aux ruptures de stock ? Quelle est la procédure pour informer les prescripteurs d’une rupture de stock ? Quelle est la procédure pour la gérer ? Service de soins : Etes-vous informé en cas de rupture par la pharmacie et comment ?
E14: TC med | F14: Le stockage des produits de santé se fait dans les bonnes conditions à la pharmacie à usage intérieur et dans les services de soins. | G14: – au sein de la PUI : • les aires de réception,de stockage,de distribution et de dispensation sont adaptées à l’activité, • les locaux de stockage sont situés, dans la mesure du possible, dans la continuité immédiate de la zone de réception.Les produits ne doivent pas être stockés à même le sol, mais à une hauteur minimale suffisante, • les équipements de stockage à basse température sont proportionnés aux besoins et pourvus de systèmes de contrôle et de sécurité qualifiés (alarmes, enregistrements...). Un système de secours est prévu en cas de panne. Ces équipements sont exclusivement affectés au stockage des produits pharmaceutiques. Ils ne contiennent ni boissons, ni aliments, • les dispositifs médicaux stériles sont souvent volumineux et fragiles. Ils sont stockés dans des locaux d’un volume suffisant pour permettre de les conserver dans leur emballage secondaire. | H14: Pharmacie | I14: Comment sont stockés les médicaments ?
G15: – au sein des unités de soins : • la sécurisation est effective. Les médicaments doivent être stockés dans une armoire fermée à clé ou par un code. Au minimum, le stockage est réalisé dans une zone fermée non accessible au patient ou tout autre public (salle de soins, arsenal, local pharmacie…), • pas de déconditionnement, contenant identifié par molécule et par dosage, pas de mélange…, • les conditions de conservation sont respectées, en particulier en cas de fortes chaleur, pour les produits thermosensibles : systèmes de contrôle et de sécurité qualifiés. Un système de secours est prévu en cas de panne. Ces équipements sont exclusivement affectés au stockage des produits pharmaceutiques. Ils ne contiennent ni boissons, ni aliments, • Prise en compte des médicaments stupéfiants (stockage dédié), oxygène, médicaments dérivés du sang... • le retrait des périmés est effectif, à l’appui d’un contrôle régulier (exemple de rangement FEFO (First Expired,First Out) : les médicaments ayant une date de péremption plus proche sont à placer de façon à les sortir en premier) •Séparation très nette des ampoules buvables, des ampoules injectables et des dosettes •Éloignement physique des médicaments à risque de confusion (dosages différents, homonymie, emballages ressemblants etc.) •Harmonisation de l'étiquetage des dispositifs de rangement et conformité à la législation : étiquette verte, rouge, blanche selon la liste | H15: Professionnels
G16: • Traitements nominatifs : identification avec le nom, prénom, date de naissance (pas d'identification par numéro de chambre) | H16: Professionnels
G17: • Médicaments thermosensibles : conservation entre + 2°C et + 8°C dans un réfrigérateur à froid ventilé exclusivement dédié aux médicaments, emplacement de l'enceinte éloigné de toute source de chaleur, les emballages réfrigérant sont retirés avant stockage dans l'enceinte frigorifique, la quantité de produits thermosensibles est adaptée (répartition homogène permettant une libre circulation de l'air), conduite à tenir en cas d'excursion de température, pas de stockage de nourriture/boissons | H17: Professionnels
G18: •Traitement personnel du patient : retiré à son entrée, l'ensemble des médicaments est identifié, étiqueté au nom du patient (pas d'étiquette manuscrite) et conservé dans un endroit sécurisé (unité de soins, PUI voire restitution à la famille du patient, selon la procédure) jusqu'à la sortie du patient, médicaments non réintégrés à la dotation de l'unité de soins, restitués au patient lors de sa sortie, s'ils sont toujours prescrits, accompagnés d'informations adaptées. Dans la mesure du possible, les traitements arrêtés lui sont retirés pour destruction, avec son accord. | H18: Professionnels
G19: • Médicaments stupéfiants : stockage spécifique dans un lieu séparé et fermé à clé ou disposant d'un mode de fermeture assurant la même sécurité (armoire ou compartiment spécial banalisé réservé à cet usage) | H19: Professionnels
G20: • Oxygène/gaz médicaux : stockés dans un lieu adapté, défini (peu fréquenté), aéré et inaccessible au public, les bouteilles pleines sont stockées debout et arrimées afin d'éviter les risques de chute et de choc, les bouteilles ne sont pas stockées en présence de combustibles (cartons, draps, produits gras ou alcool ( solutions hydro-alcooliques)) et sont éloignées d'une source de chaleur, les bouteilles vides et pleines sont stockées séparément | H20: Professionnels
E21: TC med | F21: Les conditions de transport des produits de santé sont adaptées et sécurisées. | G21: Tout transport de médicaments entre la pharmacie à usage intérieur, la ou les officines de ville et les unités fonctionnelles ou leur équivalent doit se faire dans des conditions d’hygiène et de sécurité permettant : • de respecter le maintien des températures pour les produits thermosensibles ; • de garantir la sécurité par tout système de fermeture approprié (caisse scellée par exemple) jusqu’à la réception des produits de santé (lieu sécurisé, contrôle…) ; • d’assurer un transport rapide pour les besoins urgents et les produits à faible stabilité. • d'organiser la réception : horaires de livraison et réception dans le service (professionnels en charge, traçabilité, modalités de stockage etc.) | H21: Professionnels
E22: TC med | F22: Le contrôle du stockage des produits de santé est effectif avec retrait des périmés. | G22: •Les dates de péremption des produits détenus en dotation dans l'unité de soins font l'objet d'une vérification régulière et cette vérification est tracée •La température du réfrigérateur est contrôlée quotidiennement (au moins une fois par jour) et tracée (idéalement avec enregistrement automatique et report d'alarme) •Si la température est < 2°C ou > 8°C : les professionnels de l'unité fonctionnelle transfèrent les produits exposés à des températures non conformes dans un réfrigérateur fonctionnel d'un autre service (ou de secours) et les identifient comme "Produits en quarantaine", notent l'heure du transfert et appellent la pharmacie afin de connaître la conduite à tenir •Le réfrigérateur fait l'objet d'un entretien régulier selon les procédures d'hygiène de l'établissement. Cet entretien est programmé et tracé •Audits réguliers avec communication des résultats auprès des équipes et réflexion collective autour de la mise en place de mesures correctives le cas échéant, du stockage des produits de santé | H22: Observations
B23: 2.2-05 | C23: Les équipes respectent les bonnes pratiques d’administration des médicaments. | D23: Impératif | E23: TC med | F23: Les professionnels habilités respectent les bonnes pratiques de préparation en évitant les interruptions de tâches. | G23: PDA / Pharmacie : En cas de préparation des doses à administrer (PDA), cette action est réalisée par un pharmacien ou un préparateur en pharmacie sous la responsabilité d’un pharmacien, potentiellement avec l’aide d’un automate. •Le médicament doit rester parfaitement identifiable La préparation répond à des règles précises : une zone de préparation bien identifiée, adaptée, indépendante, respectant toutes les règles d’hygiène, sans interruptions de tâche | H23: Pharmacie | I23: Comment préparez-vous les médicaments ? Avez-vous des étiquettes à disposition pour noter les éléments indispensables pour identifier les médicaments injectables ? Quels sont les dispositifs mis en place pour éviter les interruptions de tâches pendant la préparation de traitement ? Avez-vous identifié des situations à risque pour la préparation des médicaments ? Quelles sont les barrières que vous mettez en place afin de prévenir les erreurs de préparation ?
E24: TC med | G24: Préparation extemporanée : par IDE dans une zone adaptée, au plus proche de l’administration et pas d’interruption de tâches •Mise à disposition d'outils d'aide à la préparation : Protocole Thérapeutique Médicamenteux Infirmier (PTMI), outils sur les compatibilités/incompatibilités physico-chimiques, outils d'aide au calcul de dose, table de conversions... • Respect de la règle des 5B/préparation au regard de la prescription • Respect de la règle : IDE qui prépare = IDE qui administre • Mise en place d'outils de prévention des erreurs médicamenteuses pour les secteurs/populations à risque, médicaments/voies d'administration à risque (check-list, double vérification...) | H24: Professionnels
E25: TC med | G25: • Etiquettage préparation injectable : nom, prénom, nom du médicament, voie d'administration, heure de préparation, durée et débit si nécessaire, nom de l'IDE qui a préparé • Solution buvable : respect de la règle 1 dispositif d'administration = 1 médicament ; date d'ouverture ou date de péremption après ouverture sur le flacon ; identification du gobelet et du flacon avec l'étiquette patient •Pilulier : identification avec étiquette patient (nom, prénom, date de naissance) ; identification complète du médicament jusqu'à administration (nom, dosage, numéro de lot, date de péremption)
E26: TC med | F26: Les professionnels habilités respectent les bonnes pratiques d'administration. | G26: L’administration est réalisée au regard d’une prescription qui est prise en compte et vérifiée - Prise en compte des prescriptions les plus récentes (pas de retranscription de la prescription) • un professionnel de santé habilité administre • l’information du patient est réalisée - patient et/ou entourage • la surveillance du patient et le suivi de l’adhésion du traitement sont évalués • Les interruptions de tâches sont limitées • Le broyage (écrasement des comprimés/ouverture des gélules) n'est réalisé par l'IDE, que sur prescription médicale | H26: Professionnels | I26: Comment s’organise l’administration des médicaments ?
E27: TC med | F27: Les situations à risque (injectables, médicaments reconstitués en pédiatrie, pousse seringue électrique, PCA, chimiothérapies, préparations de poches de perfusion avec reconstitution, multiplicité des préparations...) devant faire l’objet de précautions particulières ont été identifiées et les bonnes pratiques mises en œuvre. | G27: Les situations à risque sont identifiées, des mesures barrières ont été mises en place - notamment des barrières existent pour prévenir les erreurs de préparation •Mise à disposition d'outils d'aide à la préparation : Protocole Thérapeutique Médicamenteux Infirmier (PTMI), outils sur les compatibilités/incompatibilités physico-chimiques, outils d'aide au calcul de dose, table de conversions… • Mise en place d'outils de prévention des erreurs médicamenteuses et de leurs conséquences pour les secteurs/populations à risque, médicaments/voies d'administration à risque, situations à risque : check-list, double vérification, connaissance des protocoles de prise en charge spécifique /intoxication - surdosage / antidotes ... | H27: Professionnels
E28: TC med | F28: La concordance entre le produit, le patient et la prescription est systématiquement vérifiée avant l’administration par les professionnels habilités. | G28: L’administration proprement dite se déroule en respectant les contrôles essentiels : •Vérification par le professionnel habilité des concordances : produit/patient/prescription •Vérification de la présence éventuelle d'une allergie •Association du patient (si l'état le permet) avant tout branchement de perfusion notamment | H28: Professionnels | I28: Comment faites-vous l’analyse de concordance entre la prescription, le produit et le patient ?
E29: TC med | F29: L’administration du médicament ou le motif de non-administration est tracé dans son dossier au moment de la prise par les professionnels habilités. | G29: • Traçabilité de l’administration (prise effective du traitement) réalisée dans le dossier, ainsi que la non-administration (en indiquant le motif, ex refus...), • Traçabilité de l'administration/et de la non-administration au plus près de la prise | H29: Professionnels | I29: Sur quel support tracez-vous l’administration ? Pouvez-vous me montrer ? La traçabilité de l’administration est-elle faite en temps réel ? Pouvez-vous me montrer comment vous tracez la non-administration des médicaments ?
B30: 2.2-06 | C30: Les équipes préviennent les risques d’erreur médicamenteuse. | D30: Impératif | E30: TC med | F30: Les professionnels sont formés à la prévention du risque médicamenteux. | G30: • Formation continue des professionnels à la prévention du risque médicamenteux et plus précisément au respect des bonnes pratiques de prescription, de dispensation et d’administration (programme institutionel) • Les professionnels préviennent, récupèrent et limitent les conséquences des erreurs médicamenteuses au travers de la mise en oeuvre de : - la conciliation médicamenteuse, - la connaissance de la liste des médicaments à risque utilisés (adaptée selon les spécificités de prise en charge dans le service) et des risques liés à leur utilisation, - et de l’information sur les never events | H30: Professionnels | I30: Avez-vous suivi des formations sur la prévention du risque médicamenteux ? Quand s’est déroulée cette formation ? Sur quoi portait-elle ?
E31: TC med | F31: Les professionnels connaissent les moyens de maîtrise des médicaments les plus à risque. | G31: • L'équipe connaît les règles de sécurisation lors de la prescription, du stockage, la préparation et l'administration des médicaments à risque (exemples : médicaments identifiés dans le livret thérapeutique informatique, double vérification des calculs de dose, double vérification de la préparation (dilutions successives en réanimation néonatale), double vérification lors des programmations de pompes, éloignement des médicaments à risque de confusion lors du stockage, pictogramme "Médicament à risque" au niveau du stockage...) | H31: Professionnels | I31: Connaissez-vous les médicaments à risque utilisés dans votre service ? Sont-ils listés ? Citez une des règles de sécurisation ?
E32: TC med | F32: Une liste des médicaments les plus à risque, établie de manière collégiale, est adaptée à l'activité et connue des professionnels. | G32: La liste des médicaments à risque est adaptée à chaque domaine d’activité, car les risques diffèrent selon les spécialités. Elle est basée sur les never events et est personnalisée en fonction des risques spécifiques, tels que les médicaments responsables d’effets indésirables graves, les nouvelles formes galéniques ou les médicaments à marge thérapeutique étroite. La liste est élaborée en concertation pluridisciplinaire, est évolutive (prise en compte des signalements, des résultats des analyses de risques, des études de danger, des alertes et de la vigilance partagée), et est révisée régulièrement L'équipe dispose de la liste (affichée sur l'armoire à pharmacie, GED, bulletins internes...) | H32: Professionnels
E33: TC med | F33: Le circuit des préparations en atmosphère contrôlée (chimiothérapie, immunothérapie, biothérapie, nutrition parentérale, radiopharmaceutique…) est maîtrisé (prescription, analyse pharmaceutique, préparation, libération, transport, stockage et administration). | G33: Le circuit des préparations en atmosphère contrôlée répond aux règles de bonnes pratiques : •Respect des conditions d'hygiène : les locaux et le matériel sont situés, adaptés et entretenus de façon à convenir au mieux aux opérations à effectuer. Ils doivent tendre à minimiser les risques d’erreurs et à permettre un nettoyage et un entretien efficaces en vue d’éviter les contaminations •Les étapes de préparation, stockage, transport et administration suivent des procédures bien définies ; •Un contrôle qualité est réalisé systématiquement (intégrité du produit, du contenant, matériel…). | H33: Pharmacie | I33: Comment s’organise le circuit des préparations en atmosphère contrôlée ? Comment s’organise la préparation ? la dispensation ? Dans le cadre de la préparation des chimiothérapies injectables, pouvez-vous me montrer comment se passe la libération des poches ? le transport ? le stockage ? l’administration ? Comment s’organise le suivi d’un produit non administré ? Comment est-il détruit ?
E34: TC med | F34: Les erreurs médicamenteuses sont analysées en équipe et font l’objet d'un plan d’actions suivi. | G34: • Les professionnels sont inscrits dans une culture déclarative, d’analyse en équipe de l’erreur et de suivi d’un plan d’action Cela concerne les EI dont EIG et les presqu'accidents • Analyse pluriprofessionnelle et pluridisciplinaire des erreurs médicamenteuses selon la méthode ALARMe • Elaboration d'un plan d'action : nommer un pilote, définir une échéance et identifier des modalités d'évaluation • Suivi de la mise en place des actions d'amélioration, par qui : RSMQ ? ou autre ? • Communication : EI et actions mises en œuvre (par écrit, par oral,…) comment ? | H34: Pharmacie Professionnels | I34: Pharmacie : Avez-vous des évènements indésirables déclarés en lien avec le circuit des produits de santé ? Comment et par qui sont-ils analysés ? Pouvez vous en citer avec des exemples d'actions d'amélioiation mises en place ? Avez-vous un plan d’action en lien avec ces analyses ? Pouvez-vous me le montrer ? Service de soins : Déclarez-vous des évènements indésirables en lien avec le circuit du médicament ? Avez-vous participé à l’analyse de ces évènements indésirables ? Pouvez vous en citer avec des exemples d'actions d'amélioration mises en place ? si oui, Comment êtes vous informés ? Avez-vous un plan d’action en lien avec ces analyses ? Des actions sont-elles mises en place dans votre service en lien avec la prévention des erreurs médicamenteuses ?
A35: 2.1 La coordination des équipes pour la prise en charge du patient | B35: 2.1-04 | C35: Les équipes réalisent la conciliation médicamenteuse pour les populations ciblées | D35: standard | E35: TC med | F35: La conciliation médicamenteuse est engagée pour les secteurs et profils de patients les plus à risque (gériatrie, oncologie, patients âgés polymédicamentés, patients sous chimiothérapies...). | G35: L'établissement a priorisé les secteurs et profils de patients les plus à risque éligibles à la conciliation Evaluer l’état d’avancement pour les secteurs et profils de patients les plus à risque (gériatrie, oncologie, patients âgés polymédicamentés, patients sous chimiothérapie…) - mise en oeuvre dans au moins un des secteurs ou populations ciblés par l’établissement… exemples de ciblage : à l'aide de requêtes informatiques, de sollicitations de l'équipe médicale, d'outils de priorisation (liste, score, grille…) Elle est réalisée = effective dans tous les secteurs et selon les bonnes pratiques. | H35: Pharmacie | I35: Quels sont les services et proportions de prescriptions concernés par la conciliation médicamenteuse ? Faites-vous de la conciliation des traitements médicamenteux ? Pour quels types de patients ? Comment l’organisez-vous ? Pouvez-vous me montrer le bilan médicamenteux ?
E36: TC med | F36: La conciliation médicamenteuse est programmée pour les secteurs et profils de patients les plus à risque (gériatrie, oncologie, patients âgés polymédicamentés, patients sous chimiothérapies...) dans lesquels elle n'est pas déjà réalisée. | G36: Elle est programmée = planning de mise en oeuvre dans les autres secteurs ou populations ciblés par l’établissement •La CTM est un projet institutionnel. Elle s'inscrit dans : le projet médical d'établissement, la politique d'amélioration continue de la qualité des soins, le programme d'amélioration de la PCM du patient •Une équipe pluridisciplinaire incluant le pharmacien est identifiée pour piloter le processus •L'identification de médicaments, patients et/ou organisations à risque doit faire l'objet d'un travail collectif pluri-professionnel au sein de chaque établissement •L'activité de conciliation médicamenteuse fait l'objet de formations théoriques et pratiques, à destination des professionnels de santé qui la réalisent •L'établissement a formalisé un plan de communication auprès des professionnels de santé (ville et hôpital), du patient et de son entourage | H36: Pharmacie
E37: TC med | F37: La conciliation médicamenteuse est réalisée selon les bonnes pratiques avec notamment : les 3 sources d’information, la rencontre du patient et/ou son entourage, l’échange médico-pharmaceutique. | G37: •Respect du cadre fixé par l'HAS •Retrouver au moins 3 sources d’informations parmi le patient, les prescriptions, le dossier pharmaceutique, le médecin traitant ou l’IDE libérale •Les 4 étapes de la conciliation du traitement médicamenteux avec réalité de l’échange médico-pharmaceutique sont : o Recueil de l'information o Rédaction du bilan médicamenteux o Validation du bilan médicamenteux o Partage et exploitation du bilan médicamenteux •Traçabilité des 4 étapes dans le dossier patient | H37: Professionnels
E38: TC med | F38: Le bilan médicamenteux est accessible dans le dossier patient. | G38: Le bilan médicamenteux (étape 2 de la conciliation des traitements médicamenteux proactive) n’est ni une prescription, ni une ordonnance. Il établit la liste habituelle exhaustive et complète des médicaments pris ou à prendre par le patient, qu’ils soient prescrits par le médecin traitant ou le spécialiste, ou qu’ils soient pris en automédication. La validation du bilan médicamenteux est réalisée par un pharmacien, tout prescripteur (traçabilité) Vous vous assurerez que le bilan médicamenteux est disponible dans le dossier patient. | H38: Professionnels services
E39: TC med | F39: Une évaluation de la pertinence de l’activité de conciliation est réalisée (bilan de la conciliation) et les corrections apportées. | G39: •Un suivi/une évaluation régulière de l'activité de la conciliation médicamenteuse est réalisé à l'échelle institutionnelle sur le volet quantitatif, le volet organisationnel et au niveau des services/pôles sur le volet qualitatif | H39: Pharmacie | I39: Comment évaluez-vous votre activité de conciliation des traitements médicamenteux ? avec quels indicateurs ?
A40: 2.2 La maîtrise des risques liés aux pratiques | B40: 2.2-07 | C40: L’établissement promeut l’auto-administration de ses médicaments par le patient en cours d’hospitalisation (PAAM) | D40: Avancé | E40: TC med | F40: Les services volontaires définissent les critères de déploiement du programme PAAM en hospitalisation et les indicateurs d'évaluation de la démarche. | G40: Le dispositif est déployé dès lors que l’établissement/service est volontaire et a formalisé la procédure PAAM. Le service a défini ses critères de déploiement et les indicateurs d’évaluation de la démarche | H40: Professionnels
E41: TC med | F41: Les services et les patients volontaires mettent en œuvre le programme " PAAM en hospitalisation " en personnalisant le programme aux patients concernés. | G41: • vérifier que les professionnels de santé ont bénéficié d’une formation ; • les conditions de mise en oeuvre sont en place : - le patient consent, - le médecin valide, - le ou les médicaments pour le PAAM sont définis, le niveau d’autonomie est défini, - le stockage des médicaments est sécurisé, - un support précise au patient ce qu’il doit prendre (pourquoi, quand et comment) en fonction de ses besoins, - le suivi et la réévaluation sont définis, - mise à disposition équipemts nécessaires(broyeur, container pour élimination des déchets…) | H41: Professionnels
E42: TC med | F42: Une évaluation de la démarche " PAAM en hospitalisation " est conduite collectivement et des actions d’amélioration sont mises en place. | G42: • les conditions de suivi et d’évaluation du dispositif permettent à tout moment : - de cesser le PAAM par l’une ou l’autre des parties, - de repérer, signaler tout dysfonctionnement ou EIAS. | H42: Professionnels
E43: Audit système | F43: La gouvernance soutient, au travers de sa politique globale de gestion des risques, l’engagement du patient en tant qu’acteur de sa prise en charge médicamenteuse (identification des services volontaires, formation, déploiement priorisé, équipements disponibles...). | G43: Vous évaluerez auprès de la gouvernance son soutien, au sein de sa politique globale de gestion des risques, l’engagement du patient en tant qu’acteur de sa prise en charge médicamenteuse en : • identifiant les services volontaires, • vérifiant que les professionnels de santé ont bénéficié d’une formation, • priorisant le déploiement, • mettant à disposition les équipements nécessaires (broyeur, container pour l’élimination des déchets…). | H43: Gouvernance | I43: Pharmacie : Dans quel secteur avez-vous engagé le programme PAAM ? Selon quels critères les services décident-ils de s’engager ? Quels sont les équipements mis à disposition pour engager la démarche dans un secteur d’activité ? Avez-vous mis en place une formation pour les professionnels ?
B44: 2.2-12 | C44: Les équipes maîtrisent la prise en charge des urgences vitales | D44: Impératif | E44: Parcours traceur | F44: Les chariots ou sacs d’urgence sont adaptés aux patients accueillis dans l’unité et accessibles. | G44: Les chariots ou sacs d’urgence sont aisément et rapidement accessibles par les professionnels habilités à intervenir en cas d’urgence vitale. Le lieu de stockage du matériel d’urgence vitale est défini par l’établissement au regard d’une analyse comparative des bénéfices et des risques (accessibilité, rapidité de mobilisation, patient déambulant, etc.) de telle ou telle organisation : local dédié, bureau infirmier, couloir, etc. • la composition est définie et adaptée aux profils des patients de l’unité (enfants, patients trachéotomisés…) en concertation avec les professionnels habilités à l’utiliser. Les professionnels ont accès à la composition du chariot ; | H44: Professionnels | I44: − Qu’avez-vous comme matériel pour prendre en charge une urgence vitale ? Où est-il stocké ?
E45: Parcours traceur | F45: Les chariots ou sacs d’urgence sont contrôlés dans les unités de soins, leur vérification est tracée et un registre d’utilisation est tenu. | G45: • ils sont vérifiés régulièrement selon les risques du secteur (au minimum une fois par mois) ; • la traçabilité de la vérification précise date et nom du vérificateur, dates de péremption des dispositifs à usage unique et des médicaments, la vérification de l’intégrité des emballages… ; • la maintenance préventive et curative du matériel d’urgence est assurée ainsi que sa traçabilité (y compris défibrillateur) ; • après vérification, les chariots ou sacs d’urgence sont scellés. Après chaque utilisation, le chariot et/ou le sac d’urgence sont vérifiés, complétés et scellés. Un registre est tenu, y sont tracés • l’étiquette du patient ; • l’heure de l’appel, l’appelant et l’appelé ; • les circonstances ; • les produits/matériels utilisés. | H45: Professionnels | I45: − Quand est vérifié le matériel de prise en charge de l’urgence vitale et par qui ? − Quelle formation avez-vous suivie sur la prise en charge de l’urgence vitale ? De quand date-t-elle ? − Vous entraînez-vous à la prise en charge de l’urgence vitale ? De quelle manière ? Faites-vous des simulations ?
A46: 2.4 La culture de la pertinence et de l'évaluation | B46: 2.4-02 | C46: La pertinence des prescriptions d’antibiotiques est argumentée et réévaluée | D46: Impératif | E46: TC med | F46: L'établissement met en place les éléments-clés d'un programme de bon usage des ATB (politique, plan de formation des personnes ressources, stratégie d'évaluation : indicateurs et programme d'évaluation). | G46: • implication de la gouvernance pour la définition de la politique; • désignation, par les représentants légaux de l’établissement d’un ou de plusieurs référents en antibiothérapie, en charge du programme avec un temps dédié; • utilisation d’outils efficaces : référentiel d’antibiothérapie actualisé (qu’il soit national, régional ou local), protocoles de traitements, système informatique d’aide à la prescription, outils d’aide pour la dispensation contrôlée, outils d’aide pour la réévaluation…; • évaluation des prescriptions, surveillance des résistances bactériennes, de la consommation d'ATB rapportée à l’activité et diffusion des résultats aux instances et aux acteurs | H46: Professionnels | I46: Disposez-vous d’un programme de bon usage des ATB ? Que contient-il ? Qui est nommé référent en antibiothérapie dans votre établissement ? Avec quel temps dédié à la mission de coordination et de déploiement du programme de bon usage des ATB ? Un membre de la direction de l’établissement, nommé par le directeur, est-il en appui sur les actions du référent en antibiothérapie et le programme du bon usage des ATB, au regard des objectifs définis ? De quelle façon ? Au référent en antibiothérapie : quel temps pouvez vous dédier de manière effective à la coordination et au déploiement du programme de bon usage des ATB dans votre établissement ?
E47: TC med | F47: Les praticiens sont formés au bon usage des ATB, notamment ceux en cours de cursus. | G47: • formation des professionnels et information des patients et de leur famille | H47: Professionnels | I47: Pharmacie : Existe-t-il des formations régulières sur les ATB, ouvertes aux prescripteurs déjà en poste ou en formation ? Comment sont-elles réalisées ? Ces formations sont elles prévues de façon annuelle par l’établissement et approuvées par la CME ? Service de soins: Existe-t-il une formation sur les ATB ouverte à tous les nvx prescripteurs, permanents ou temporaires dans votre établissement ?
E48: TC med | F48: Toute prescription d’un traitement antibiotique et/ou sa prolongation est justifiée dans le dossier. | G48: • pour toute prescription d’un ATB et/ou toute prolongation, la justification de la prescription est tracée explicitement dans le dossier patient. Des tests rapides d’orientation diagnostique (notamment TROD angine) sont présents dans les services d’urgence; • La justification de la prescription ATB doit être tracée explicitement dans le dossier patient : justification du choix de l'ATB, de sa durée, en cas de changement. • La réflexion du praticien sur le choix des thérapeutiques doit être retrouvée. | H48: Professionnels | I48: Pharmacie : Lors de la prescription (initiation ou réévaluation) d’un antibiotique, l’indication est-elle justifiée dans le dossier médical ? Service de soins : Lors de la prescription (initiation ou réévaluation) d’un antibiotique, l’indication est-elle justifiée dans le dossier médical ? Pouvez-vous me montrer ?
E49: TC med | F49: Les praticiens se réfèrent à un référentiel pour l’antibiothérapie et peuvent faire appel à un référent en antibiothérapie. | G49: Les praticiens doivent pouvoir se référer à un référentiel sur l'antibiothérapie (curative et préventive) et des protocoles de traitements anti-infectieux : de 1ère intention des situations cliniques et infections les plus courantes / sur la base des recommandations existantes (locales et/ou des sociétés savantes - ce référentiel peut être un référentiel national). Ce référentiel comprend une aide à la démarche diagnostique incluant les bonnes pratiques de prélèvement / interprétation des principaux examens biologiques. Une stratégie active de diffusion du référentiel auprès des professionnels de santé (en poste ou en formation) est déployée. Les équipes disposent d'un accès direct à un ou des référents en antibiothérapie : en fonction de l'organisation des établissements, la Commission ou la Conférence Médicale d'Etablissement (CME) peut déléguer la politique de bon usage des anti-infectieux à un référent en antibiothérapie/Equipe Multidisciplinaire en Antibiothérapie(EMA) | H49: Professionnels | I49: Pharmacie : Disposez-vous d’un référentiel d’antibiothérapie (qu’il soit national, régional ou local) ? Quelles sont les modalités d’accès et de promotion de ce référentiel auprès des professionnels de santé (en poste ou en formation) dans votre établissement ? Service de soins : Avez-vous un correspondant en antibiothérapie dans votre service ? Quel est son rôle ? Savez-vous qui est le référent en antibiothérapie de l’établissement ? Avez-vous des contacts réguliers avec lui ? De quelle façon ? Avez-vous accès à un référentiel d’antibiothérapie ? Pouvez-vous me le montrer ?
E50: TC med | F50: Les prescriptions d’antibiotiques sont systématiquement réévaluées entre la 24e et la 72e heure. | G50: L'antibiothérapie doit être prescrite avec une date de début et une date d'arrêt prévue La réévaluation de l'antibiothérapie entre la 24ème et la 72ème heure est justifiée et tracée dans le dossier patient (maintien/arrêt/désescalade thérapeutique/modification de la durée, de la voie d'administration). Un système informatique doit permettre de générer une alerte visible dans le dossier patient pour cette réévaluation. Exemples d'évaluations des pratiques réalisables : respect de la molécule recommandée, de la durée, de la posologie, évaluation de la réévaluation / réadaptation du traitement. Des Quick-Audits effectués sur un seul critère (ex : réévaluation, durée des prescriptions, ...) ou sur une situation clinique (ex : infections urinaires masculines...) | H50: Professionnels | I50: Pharmacie : Pouvez-vous me montrer ? Comment s’organise la réévaluation de l’antibiothérapie ? Disposez-vous d’une alerte dans votre logiciel de prescription ou de dispensation ? Y a-t-il une intervention en temps réel du pharmacien ou du référent lors de la réévaluation ? Service de soins : Comment s’organise la réévaluation de l’antibiothérapie ? Disposez-vous d’une alerte dans votre logiciel de prescription ?
E51: TC med | F51: L'EOH, les équipes, le référent en ATB, PUI et laboratoire de microbiologie, le cas échéant, surveillent leur consommation d'ATB et les résistances aux ATB | G51: Suivi des indicateurs à réaliser : surveillance de la consommation des ATB rapportée à l'activité, surveillance des données de résistance bactérienne. Ces surveillances sont standardisées conformément à la méthodologie de la mission SPARES. Ces données de surveillance sont restituées sous un format pertinent par le référent en antibiothérapie à toutes les disciplines participantes présentées ts les ans en CME, prises en compte pour la définition du plan d’action concerté annuel, intégrées dans le bilan d’activité annuel. | H51: Professionnels | I51: Pharmacie : En associant le référent en antibiothérapie, disposez-vous d’un programme de bon usage des ATB ? Que contient-il ? Comment avez-vous identifié/renforcé les modalités de prescription et de suivi des ATB au sein de votre établissement ? Selon quelles modalités ? Effectuez-vous au sein de l’établissement des audits évaluant la pertinence des antibiothérapies ? Si oui, à quelle fréquence ? Selon quels critères ? De quelle manière sont restitués les résultats ? Connaissez-vous le pourcentage d'ATB prescrits en conformité avec votre référentiel dans votre établissement dans certaines infections bactériennes courantes ?
A52: 1.1 Le respect des droits du patient | B52: 1.1-05 | C52: Le patient bénéficie de soins visant à anticiper ou soulager rapidement sa douleur | D52: Impératif | E52: Patient traceur | F52: L'anticipation et les mesures pour soulager la douleur, évaluée à l'appui d'une échelle adaptée, sont retrouvées dans le dossier. | G52: Présence de l’évaluation initiale de la douleur avec une échelle adaptée (EN, EVA, EVS, échelle comportementale…) protocoles CLUD Traçabilité de l'information douloureuse à l’arrivée du patient et lors d’événements douloureux prévisibles (soins invasifs, acte chirurgical…) Prescription anticipée analysée (antalgiques palier 1–2–3, protocoles, alternatives non médicamenteuses) Voir traçabilité dans le dossier - | H52: Professionnels services
E53: Patient traceur | F53: Les réévaluations de la douleur sont tracées dans le dossier permettant une adaptation de la thérapeutique si besoin. | G53: Réévaluation systématique après l’administration d’un traitement (délai en cohérence avec la voie d'administration) Ajustement du traitement si douleur persistante (changement posologie, palier, fréquence…) Identification des douleurs récurrentes/épisodes aigus Traçabilité | H53: Professionnels services
E54: Patient traceur | F54: Les professionnels proposent des modes de prise en charge non médicamenteuse de la douleur. | G54: Recours à des alternatives, selon recommandations nationales ou du CLUD (ex : hypnose, glace/chaleur, repositionnement, relaxation,...) | H54: Professionnels services
A55: 1.2 L'information du patient | B55: 1.2-04 | C55: Le patient, en prévision de sa sortie, connaît les consignes de suivi pour sa prise en charge | D55: standard | E55: Parcours traceur | F55: En prévision de sa sortie, le patient est informé sur les éventuels nouveaux traitements prescrits, la nécessité de signaler tout effet indésirable lié au traitement, et dispose d'un comparatif expliqué entre le traitement d'entrée et de sortie. | G55: • Le patient est informé de ses traitements tout au long de sa prise en charge et spécifiquement lors de la sortie (nouveau traitement prescrit, modification de prescription…). • La remise de conseils bon usage du médicament, au patient est tracée (DPI, fiche d'intervention pharmaceutique...) ex : affiches, plaquettes, flyer spécifiques … | H55: Professionnels services
E56: Parcours traceur | F56: Une lettre de liaison est remise au patient avec les explications, par un médecin ou par un autre membre de l'équipe de soins, le jour de sa sortie ou la veille en cas de retour à domicile, et versée dans le dossier médical de Mon espace santé (DMP), sauf opposition du patient. | G56: • Lettre de liaison avec bilan thérapeutique | H56: Professionnels services | I56: Pourrez-vous me montrer la lettre de liaison du patient ? Pouvez-vous me montrer le bilan thérapeutique ? Quand lui a-t-elle été remise ? Comment expliquez-vous au patient le contenu de cette lettre ? A-t-elle été adressée au médecin traitant ? Quand ? Comment ?
A57: 3.4 : L'adaptation à des soins écoresponsables et aux innovations numériques | B57: 3.4-02 | C57: L’établissement s’engage dans des soins écoresponsables | D57: standard | E57: Audit système | F57: Les équipes sont sensibilisées aux soins écoresponsables et à l'impact environnemental de leurs pratiques (gestion des déchets, consommation de ressources (matériels, produits, eau, électricité …)). | G57: • Formations / sensibilisation des équipes aux enjeux de la transformation écologique appliqués à la santé - Exemple ateliers Plan Health Faire • Développement d'actions en faveur de “Soins écoresponsables” - Exemples : réduction des déchets, amélioration des parcours de prise en charge, label Green bloc et/ou diffusion de travaux sur l'écoprescription (ex : Plaquettes Ecoprescription OMéDIT Normantibio) ... | H57: Professionnels

Sheet Entretien patient - Service 1
A1: Objectif | B1: N° de critère | C1: Libellé critère | D1: Niveau d'exigence | E1: Champ d'application | F1: Méthode d'évaluation Certification | G1: Eléments d'évaluation | H1: Attendus et vigilances spécifiques | I1: Réponse OUI/NON ou (Non applicable seulement pour les cases grisée) | J1: Commentaires
A2: Questions préalables à l'hospitalisation | G2: • Avant votre hospitalisation, vous a-t-on demandé d'apporter vos médicaments ? et les avez-vous apportés ? Si oui, l'équipe de l'unité de soins les a-t-elle récupérés ? • Avant votre hospitalisation, vous a-t-on demandé d'apporter vos ordonnances ? et les avez-vous apportées ?
A3: 1.1 Le respect des droits du patient | B3: 1.1-05 | C3: Le patient bénéficie de soins visant à anticiper ou à soulager rapidement sa douleur | D3: Impératif | E3: Tout l'établissement | F3: patient traceur | G3: Le patient est incité à exprimer sa douleur, dès lors qu'il la ressent ou est susceptible de la ressentir, et ce jusqu’au soulagement de la douleur et à une amélioration de son bien-être et/ou de sa qualité de vie. | H3: • Vous a-t-on évalué régulièrement votre douleur ? Avec une échelle ? • En cas de douleur, le traitement a-t-il été médicamenteux ou non médicamenteux ? • Avez-vous été soulagé ?
A4: 1.2 L’information du patient | B4: 1.2-03 | C4: Le patient connaît les dispositifs médicaux qui lui sont implantés durant son séjour et reçoit les consignes de suivi appropriées | D4: Standard | E4: Chirurgie et interventionnel | F4: patient traceur | G4: • Avant la pose du dispositif médical implantable, le patient a été informé : type de dispositif médical, durée de vie prévisionnelle, suivi nécessaire… | H4: Les professionnels doivent remettre la carte d’implant contenant toutes les informations liées au DMI au patient à sa sortie.
F5: patient traceur | G5: • Le patient est informé des complications possibles et des conduites à tenir (précautions à prendre par le patient ou par un professionnel de santé et bon usage du dispositif) à la suite de l’implantation du dispositif.
B6: 1.2-04 | C6: Le patient, en prévision de sa sortie, connaît les consignes de suivi pour sa prise en charge | D6: Standard | E6: Tout l'établissement | F6: patient traceur | G6: Le patient, en prévision de sa sortie est informé : – des éventuelles modifications de son traitement habituel (arrêt, substitution, posologie, etc.) – de l’éventuel nouveau traitement prescrit – des consignes de suivi – de la nécessité de signaler tout effet indésirable lié à son traitement médicamenteux et selon les modalités indiquées | H6: • Savez-vous si vous avez eu des modifications de traitement ? • Vous a-t-on expliqué pourquoi ? • Avez-vous été informé sur les effets de vos médicaments, les modalités de prises, les bénéfices et leurs effets indésirables éventuels ? • Avez-vous compris toutes les informations données concernant vos médicaments ? • Si besoin, avez-vous eu la possibilité de questionner les professionnels pour avoir des explications complémentaires ? • Si oui, savez-vous qui interroger ?

Sheet Résultats - Service 1
A1: Service 1 : | F1: ='Informations générales'!$C$16 -> 0
A3: 1 - Audit sur le circuit du médicament
A5: Chapitre | B5: OUI | C5: NON | D5: NA | E5: % de conformité
A6: Chapitre 1 : Le patient (8 éléments d'évaluation) | B6: =SUM('Fichier analyse'!$D8:$D11,'Fichier analyse'!$D13:$D17) -> 0 | C6: =SUM('Fichier analyse'!$E8:$E11,'Fichier analyse'!$E13:$E17) -> 0 | D6: =SUM('Fichier analyse'!$F8:$F11,'Fichier analyse'!$F13:$F17) -> 0 | E6: =IFERROR(B6/(B6+C6),"NA") -> NA
A7: Chapitre 2 : Les équipes de soin (42 éléments d'évaluation) | B7: =SUM('Fichier analyse'!$D19:$D23,'Fichier analyse'!$D25:$D63,'Fichier analyse'!$D65:$D70) -> 0 | C7: =SUM('Fichier analyse'!$E25:$E63,'Fichier analyse'!$E19:$E23,'Fichier analyse'!$E65:$E70) -> 0 | D7: =SUM('Fichier analyse'!$F19:$F23,'Fichier analyse'!$F25:$F63,'Fichier analyse'!$F65:$F70) -> 0 | E7: =IFERROR(B7/(B7+C7),"NA") -> NA
A8: Chapitre 3 : L'établissement de santé (1 élément d'évaluation) | B8: =SUM('Fichier analyse'!$D72) -> 0 | C8: =SUM('Fichier analyse'!$E72) -> 0 | D8: =SUM('Fichier analyse'!$F72) -> 0 | E8: =IFERROR(B8/(B8+C8),"NA") -> NA
A11: Objectif | B11: OUI | C11: NON | D11: NA | E11: % de conformité
A12: 1.1 Le respect des droits du patient (4 éléments d'évaluation) | B12: =SUM('Fichier analyse'!$D8:$D11) -> 0 | C12: =SUM('Fichier analyse'!$E8:$E11) -> 0 | D12: =SUM('Fichier analyse'!$F8:$F11) -> 0 | E12: =IFERROR(B12/(B12+C12),"NA") -> NA
A13: 1.2 L'information du patient (4 éléments d'évaluation) | B13: =SUM('Fichier analyse'!$D13:$D17) -> 0 | C13: =SUM('Fichier analyse'!$E13:$E17) -> 0 | D13: =SUM('Fichier analyse'!$F13:$F17) -> 0 | E13: =IFERROR(B13/(B13+C13),"NA") -> NA
A14: 2.1 La coordination des équipes pour la prise en charge du patient (5 éléments d'évaluation) | B14: =SUM('Fichier analyse'!$D19:$D23) -> 0 | C14: =SUM('Fichier analyse'!$E19:$E23) -> 0 | D14: =SUM('Fichier analyse'!$F19:$F23) -> 0 | E14: =IFERROR(B14/(B14+C14),"NA") -> NA
A15: 2.2 La maîtrise des risques liés aux pratiques (31 éléments d'évaluation) | B15: =SUM('Fichier analyse'!$D25:$D63) -> 0 | C15: =SUM('Fichier analyse'!$E25:$E63) -> 0 | D15: =SUM('Fichier analyse'!$F25:$F63) -> 0 | E15: =IFERROR(B15/(B15+C15),"NA") -> NA
A16: 2.4 La culture de la pertinence et de l'évaluation (6 éléments d'évaluation) | B16: =SUM('Fichier analyse'!$D65:$D70) -> 0 | C16: =SUM('Fichier analyse'!$E65:$E70) -> 0 | D16: =SUM('Fichier analyse'!$F65:$F70) -> 0 | E16: =IFERROR(B16/(B16+C16),"NA") -> NA
A17: 3.4 L'adaptation à des soins écoresponsables et aux innovations numériques (1 seul élément d'évaluation) | B17: =SUM('Fichier analyse'!$D72) -> 0 | C17: =SUM('Fichier analyse'!$E72) -> 0 | D17: =SUM('Fichier analyse'!$F72) -> 0 | E17: =IFERROR(B17/(B17+C17),"NA") -> NA
A21: 2 - Lien avec les critères du nouveau référentiel
A22: (Critères impératifs indiqués en rouge et critères avancés en vert)
A23: Objectif | C23: Critère | K23: Conformité
A24: Objectif 1.1 Le respect des droits du patient | K24: =$E12 -> NA
A25: CRIT 1.1-05 Le patient bénéficie de soins visant à anticiper ou soulager rapidement sa douleur | K25: =IFERROR('Fichier analyse'!$G12, "NA") -> NA
A26: Objectif 1.2 L’information du patient | K26: =$E13 -> NA
A27: CRIT 1.2-03 Le patient connaît les dispositifs médicaux qui lui sont implantés durant son séjour et reçoit les consignes de suivi appropriées | K27: =IFERROR(AVERAGE('Fichier analyse'!$G13:$G14),"NA") -> NA
A28: CRIT 1.2-04 Le patient, en prévision de sa sortie, connaît les consignes de suivi pour sa prise en charge | K28: =IFERROR(AVERAGE('Fichier analyse'!$G15:$G17),"NA") -> NA
A29: Objectif 2.1 La coordination des équipes pour la prise en charge du patient | K29: =IFERROR(('Fichier analyse'!$G24),"NA") -> NA
A30: CRIT 2.1-04 Les équipes réalisent la conciliation médicamenteuse pour les populations ciblées | K30: =$E14 -> NA
A31: Objectif 2.2 La maîtrise des risques liés aux pratiques | K31: =$E15 -> NA
A32: CRIT 2.2-02 Les équipes respectent les bonnes pratiques de prescription des médicaments | K32: =IFERROR(AVERAGE('Fichier analyse'!$G25:$G28),"NA") -> NA
A33: CRIT 2.2-03 Les équipes respectent les bonnes pratiques de dispensation des médicaments | K33: =IFERROR(AVERAGE('Fichier analyse'!G29:G34),"NA") -> NA
A34: CRIT 2.2-04 Les équipes respectent les bonnes pratiques d’approvisionnement des produits de santé | K34: =IFERROR(AVERAGE('Fichier analyse'!$G35:$G45),"NA") -> NA
A35: CRIT 2.2-05 Les équipes respectent les bonnes pratiques d’administration des médicaments | K35: =IFERROR(AVERAGE('Fichier analyse'!$G46:$G52),"NA") -> NA
A36: CRIT 2.2-06 Les équipes préviennent les risques d’erreur médicamenteuse | K36: =IFERROR(AVERAGE('Fichier analyse'!$G53:$G57),"NA") -> NA
A37: CRIT 2.2-07 L’établissement promeut l’auto-administration de ses médicaments par le patient en cours d’hospitalisation (PAAM) | K37: =IFERROR(AVERAGE('Fichier analyse'!$G58:$G61),"NA") -> NA
A38: CRIT 2.2-12 Les équipes maîtrisent la prise en charge des urgences vitales | K38: =IFERROR(AVERAGE('Fichier analyse'!$G62:$G63),"NA") -> NA
A39: Objectif 2.4 La culture de la pertinence et de l'évaluation | K39: =$E16 -> NA
A40: CRIT 2.4-02 La pertinence des prescriptions d’antibiotiques est argumentée et réévaluée | K40: =IFERROR(AVERAGE('Fichier analyse'!$G65:$G70),"NA") -> NA
A41: Objectif 3.4 L'adaptation à des soins écoresponsables et aux innovations numériques | K41: =$E17 -> NA
A42: CRIT 3.4-02 L’établissement s’engage dans des soins écoresponsables | K42: =IFERROR(AVERAGE('Fichier analyse'!$G72),"NA") -> NA
A45: 3 - Synthèse

Sheet Fichier analyse
C1: ='Informations générales'!B10 -> Nom de l'établissement : | D1: ='Informations générales'!C10 -> 0
C2: ='Informations générales'!B16 -> Service 1 audité : | D2: ='Informations générales'!C16 -> 0
C3: ='Informations générales'!B18 -> Service 2 audité : | D3: ='Informations générales'!C18 -> 0
A4: Entretien patient en bleu | I4: Entretien patient en bleu
A5: SERVICE 1 | I5: SERVICE 2
A7: Obj | B7: Crit | C7: EE | D7: OUI | E7: NON | F7: NA | G7: % conf global sans compter NA | I7: Obj | J7: Crit | K7: EE | L7: OUI | M7: NON | N7: NA | O7: % conf global sans compter NA
A8: 1.1 | B8: 1.1-05 | C8: EE 1 | D8: =COUNTIF('Entretien patient - Service 1'!$I3, "OUI") -> 0 | E8: =COUNTIF('Entretien patient - Service 1'!$I3, "NON") -> 0 | F8: =COUNTIF('Entretien patient - Service 1'!$I3, "Non applicable") -> 0 | G8: =IFERROR($D8/($D8+$E8),"NA") -> NA | I8: 1.1 | J8: 1.1-05 | K8: EE 1 | L8: =COUNTIF('Entretien patient - Service 2'!$I3, "OUI") -> 0 | M8: =COUNTIF('Entretien patient - Service 2'!$I3, "NON") -> 0 | N8: =COUNTIF('Entretien patient - Service 2'!$I3, "Non applicable") -> 0 | O8: =IFERROR($L8/($L8+$M8),"NA") -> NA
C9: EE2 | D9: =COUNTIF('Audit croisé - Service 1'!$J52, "OUI") -> 0 | E9: =COUNTIF('Audit croisé - Service 1'!$J52, "NON") -> 0 | F9: =COUNTIF('Audit croisé - Service 1'!$J52, "Non applicable") -> 0 | G9: =IFERROR($D9/($D9+$E9),"NA") -> NA | K9: EE2 | L9: =COUNTIF('Audit croisé - Service 2'!$J52, "OUI") -> 0 | M9: =COUNTIF('Audit croisé - Service 2'!$J52, "NON") -> 0 | N9: =COUNTIF('Audit croisé - Service 2'!$J52, "Non applicable") -> 0 | O9: =IFERROR($L9/($L9+$M9),"NA") -> NA
C10: EE3 | D10: =COUNTIF('Audit croisé - Service 1'!$J53, "OUI") -> 0 | E10: =COUNTIF('Audit croisé - Service 1'!$J53, "NON") -> 0 | F10: =COUNTIF('Audit croisé - Service 1'!$J53, "Non applicable") -> 0 | G10: =IFERROR($D10/($D10+$E10),"NA") -> NA | K10: EE3 | L10: =COUNTIF('Audit croisé - Service 2'!$J53, "OUI") -> 0 | M10: =COUNTIF('Audit croisé - Service 2'!$J53, "NON") -> 0 | N10: =COUNTIF('Audit croisé - Service 2'!$J53, "Non applicable") -> 0 | O10: =IFERROR($L10/($L10+$M10),"NA") -> NA
C11: EE4 | D11: =COUNTIF('Audit croisé - Service 1'!$J54, "OUI") -> 0 | E11: =COUNTIF('Audit croisé - Service 1'!$J54, "NON") -> 0 | F11: =COUNTIF('Audit croisé - Service 1'!$J54, "Non applicable") -> 0 | G11: =IFERROR($D11/($D11+$E11),"NA") -> NA | K11: EE4 | L11: =COUNTIF('Audit croisé - Service 2'!$J54, "OUI") -> 0 | M11: =COUNTIF('Audit croisé - Service 2'!$J54, "NON") -> 0 | N11: =COUNTIF('Audit croisé - Service 2'!$J54, "Non applicable") -> 0 | O11: =IFERROR($L11/($L11+$M11),"NA") -> NA
B12: Global | D12: =SUM(D8:D11) -> 0 | E12: =SUM(E8:E11) -> 0 | F12: =SUM(F8:F11) -> 0 | G12: =AVERAGE(G8:G11) -> #DIV/0! | J12: Global | L12: =SUM(L8:L11) -> 0 | M12: =SUM(M8:M11) -> 0 | N12: =SUM(N8:N11) -> 0 | O12: =AVERAGE(O8:O11) -> #DIV/0!
A13: 1.2 | B13: 1.2-03 | C13: EE 1 | D13: =COUNTIF('Entretien patient - Service 1'!$I4, "OUI") -> 0 | E13: =COUNTIF('Entretien patient - Service 1'!$I4, "NON") -> 0 | F13: =COUNTIF('Entretien patient - Service 1'!$I4, "Non applicable") -> 0 | G13: =IFERROR($D13/($D13+$E13), "NA") -> NA | I13: 1.2 | J13: 1.2-03 | K13: EE 1 | L13: =COUNTIF('Entretien patient - Service 2'!$I4, "OUI") -> 0 | M13: =COUNTIF('Entretien patient - Service 2'!$I4, "NON") -> 0 | N13: =COUNTIF('Entretien patient - Service 2'!$I4, "Non applicable") -> 0 | O13: =IFERROR($L13/($L13+$M13), "NA") -> NA
C14: EE 2 | D14: =COUNTIF('Entretien patient - Service 1'!$I5, "OUI") -> 0 | E14: =COUNTIF('Entretien patient - Service 1'!$I5, "NON") -> 0 | F14: =COUNTIF('Entretien patient - Service 1'!$I5, "Non applicable") -> 0 | G14: =IFERROR($D14/($D14+$E14), "NA") -> NA | K14: EE 2 | L14: =COUNTIF('Entretien patient - Service 2'!$I5, "OUI") -> 0 | M14: =COUNTIF('Entretien patient - Service 2'!$I5, "NON") -> 0 | N14: =COUNTIF('Entretien patient - Service 2'!$I5, "Non applicable") -> 0 | O14: =IFERROR($L14/($L14+$M14), "NA") -> NA
B15: 1.2-04 | C15: EE 1 | D15: =COUNTIF('Entretien patient - Service 1'!$I6, "OUI") -> 0 | E15: =COUNTIF('Entretien patient - Service 1'!$I6, "NON") -> 0 | F15: =COUNTIF('Entretien patient - Service 1'!$I6, "Non applicable") -> 0 | G15: =IFERROR($D15/($D15+$E15), "NA") -> NA | J15: 1.2-04 | K15: EE 1 | L15: =COUNTIF('Entretien patient - Service 2'!$I6, "OUI") -> 0 | M15: =COUNTIF('Entretien patient - Service 2'!$I6, "NON") -> 0 | N15: =COUNTIF('Entretien patient - Service 2'!$I6, "Non applicable") -> 0 | O15: =IFERROR($L15/($L15+$M15), "NA") -> NA
C16: EE2 | D16: =COUNTIF('Audit croisé - Service 1'!$J55, "OUI") -> 0 | E16: =COUNTIF('Audit croisé - Service 1'!$J55, "NON") -> 0 | F16: =COUNTIF('Audit croisé - Service 1'!$J55, "Non applicable") -> 0 | G16: =IFERROR($D16/($D16+$E16), "NA") -> NA | K16: EE2 | L16: =COUNTIF('Audit croisé - Service 2'!$J55, "OUI") -> 0 | M16: =COUNTIF('Audit croisé - Service 2'!$J55, "NON") -> 0 | N16: =COUNTIF('Audit croisé - Service 2'!$J55, "Non applicable") -> 0 | O16: =IFERROR($L16/($L16+$M16), "NA") -> NA
C17: EE3 | D17: =COUNTIF('Audit croisé - Service 1'!$J56, "OUI") -> 0 | E17: =COUNTIF('Audit croisé - Service 1'!$J56, "NON") -> 0 | F17: =COUNTIF('Audit croisé - Service 1'!$J56, "Non applicable") -> 0 | G17: =IFERROR($D17/($D17+$E17), "NA") -> NA | K17: EE3 | L17: =COUNTIF('Audit croisé - Service 2'!$J56, "OUI") -> 0 | M17: =COUNTIF('Audit croisé - Service 2'!$J56, "NON") -> 0 | N17: =COUNTIF('Audit croisé - Service 2'!$J56, "Non applicable") -> 0 | O17: =IFERROR($L17/($L17+$M17), "NA") -> NA
B18: Global | D18: =SUM(D13:D17) -> 0 | E18: =SUM(E13:E17) -> 0 | F18: =SUM(F13:F17) -> 0 | G18: =AVERAGE(G13:G17) -> #DIV/0! | J18: Global | L18: =SUM(L13:L17) -> 0 | M18: =SUM(M13:M17) -> 0 | N18: =SUM(N13:N17) -> 0 | O18: =AVERAGE(O13:O17) -> #DIV/0!
A19: 2.1 | B19: 2.1-04 | C19: EE 1 | D19: =COUNTIF('Audit croisé - Service 1'!$J35, "OUI") -> 0 | E19: =COUNTIF('Audit croisé - Service 1'!$J35, "NON") -> 0 | F19: =COUNTIF('Audit croisé - Service 1'!$J35, "Non applicable") -> 0 | G19: =IFERROR($D19/($D19+$E19), "NA") -> NA | I19: 2.1 | J19: 2.1-04 | K19: EE 1 | L19: =COUNTIF('Audit croisé - Service 2'!$J35, "OUI") -> 0 | M19: =COUNTIF('Audit croisé - Service 2'!$J35, "NON") -> 0 | N19: =COUNTIF('Audit croisé - Service 2'!$J35, "Non applicable") -> 0 | O19: =IFERROR($L19/($L19+$M19), "NA") -> NA
C20: EE 2 | D20: =COUNTIF('Audit croisé - Service 1'!$J36, "OUI") -> 0 | E20: =COUNTIF('Audit croisé - Service 1'!$J36, "NON") -> 0 | F20: =COUNTIF('Audit croisé - Service 1'!$J36, "Non applicable") -> 0 | G20: =IFERROR($D20/($D20+$E20), "NA") -> NA | K20: EE 2 | L20: =COUNTIF('Audit croisé - Service 2'!$J36, "OUI") -> 0 | M20: =COUNTIF('Audit croisé - Service 2'!$J36, "NON") -> 0 | N20: =COUNTIF('Audit croisé - Service 2'!$J36, "Non applicable") -> 0 | O20: =IFERROR($L20/($L20+$M20), "NA") -> NA
C21: EE 3 | D21: =COUNTIF('Audit croisé - Service 1'!$J37, "OUI") -> 0 | E21: =COUNTIF('Audit croisé - Service 1'!$J37, "NON") -> 0 | F21: =COUNTIF('Audit croisé - Service 1'!$J37, "Non applicable") -> 0 | G21: =IFERROR($D21/($D21+$E21), "NA") -> NA | K21: EE 3 | L21: =COUNTIF('Audit croisé - Service 2'!$J37, "OUI") -> 0 | M21: =COUNTIF('Audit croisé - Service 2'!$J37, "NON") -> 0 | N21: =COUNTIF('Audit croisé - Service 2'!$J37, "Non applicable") -> 0 | O21: =IFERROR($L21/($L21+$M21), "NA") -> NA
C22: EE 4 | D22: =COUNTIF('Audit croisé - Service 1'!$J38, "OUI") -> 0 | E22: =COUNTIF('Audit croisé - Service 1'!$J38, "NON") -> 0 | F22: =COUNTIF('Audit croisé - Service 1'!$J38, "Non applicable") -> 0 | G22: =IFERROR($D22/($D22+$E22), "NA") -> NA | K22: EE 4 | L22: =COUNTIF('Audit croisé - Service 2'!$J38, "OUI") -> 0 | M22: =COUNTIF('Audit croisé - Service 2'!$J38, "NON") -> 0 | N22: =COUNTIF('Audit croisé - Service 2'!$J38, "Non applicable") -> 0 | O22: =IFERROR($L22/($L22+$M22), "NA") -> NA
C23: EE 5 | D23: =COUNTIF('Audit croisé - Service 1'!$J39, "OUI") -> 0 | E23: =COUNTIF('Audit croisé - Service 1'!$J39, "NON") -> 0 | F23: =COUNTIF('Audit croisé - Service 1'!$J39, "Non applicable") -> 0 | G23: =IFERROR($D23/($D23+$E23), "NA") -> NA | K23: EE 5 | L23: =COUNTIF('Audit croisé - Service 2'!$J39, "OUI") -> 0 | M23: =COUNTIF('Audit croisé - Service 2'!$J39, "NON") -> 0 | N23: =COUNTIF('Audit croisé - Service 2'!$J39, "Non applicable") -> 0 | O23: =IFERROR($L23/($L23+$M23), "NA") -> NA
B24: Global | D24: =SUM(D19:D23) -> 0 | E24: =SUM(E19:E23) -> 0 | F24: =SUM(F19:F23) -> 0 | G24: =AVERAGE(G19:G23) -> #DIV/0! | J24: Global | L24: =SUM(L19:L23) -> 0 | M24: =SUM(M19:M23) -> 0 | N24: =SUM(N19:N23) -> 0 | O24: =AVERAGE(O19:O23) -> #DIV/0!
A25: 2.2 | B25: 2.2-02 | C25: EE 1 | D25: =COUNTIF('Audit croisé - Service 1'!$J2, "OUI") -> 0 | E25: =COUNTIF('Audit croisé - Service 1'!$J2, "NON") -> 0 | F25: =COUNTIF('Audit croisé - Service 1'!$J2, "Non applicable") -> 0 | G25: =IFERROR($D25/($D25+$E25), "NA") -> NA | I25: 2.2 | J25: 2.2-02 | K25: EE 1 | L25: =COUNTIF('Audit croisé - Service 2'!$J2, "OUI") -> 0 | M25: =COUNTIF('Audit croisé - Service 2'!$J2, "NON") -> 0 | N25: =COUNTIF('Audit croisé - Service 2'!$J2, "Non applicable") -> 0 | O25: =IFERROR($L25/($L25+$M25), "NA") -> NA
C26: EE 2 | D26: =COUNTIF('Audit croisé - Service 1'!$J3, "OUI") -> 0 | E26: =COUNTIF('Audit croisé - Service 1'!$J3, "NON") -> 0 | F26: =COUNTIF('Audit croisé - Service 1'!$J3, "Non applicable") -> 0 | G26: =IFERROR($D26/($D26+$E26), "NA") -> NA | K26: EE 2 | L26: =COUNTIF('Audit croisé - Service 2'!$J3, "OUI") -> 0 | M26: =COUNTIF('Audit croisé - Service 2'!$J3, "NON") -> 0 | N26: =COUNTIF('Audit croisé - Service 2'!$J3, "Non applicable") -> 0 | O26: =IFERROR($L26/($L26+$M26), "NA") -> NA
C27: EE 3 | D27: =COUNTIF('Audit croisé - Service 1'!$J4, "OUI") -> 0 | E27: =COUNTIF('Audit croisé - Service 1'!$J4, "NON") -> 0 | F27: =COUNTIF('Audit croisé - Service 1'!$J4, "Non applicable") -> 0 | G27: =IFERROR($D27/($D27+$E27), "NA") -> NA | K27: EE 3 | L27: =COUNTIF('Audit croisé - Service 2'!$J4, "OUI") -> 0 | M27: =COUNTIF('Audit croisé - Service 2'!$J4, "NON") -> 0 | N27: =COUNTIF('Audit croisé - Service 2'!$J4, "Non applicable") -> 0 | O27: =IFERROR($L27/($L27+$M27), "NA") -> NA
C28: EE 4 | D28: =COUNTIF('Audit croisé - Service 1'!$J5, "OUI") -> 0 | E28: =COUNTIF('Audit croisé - Service 1'!$J5, "NON") -> 0 | F28: =COUNTIF('Audit croisé - Service 1'!$J5, "Non applicable") -> 0 | G28: =IFERROR($D28/($D28+$E28), "NA") -> NA | K28: EE 4 | L28: =COUNTIF('Audit croisé - Service 2'!$J5, "OUI") -> 0 | M28: =COUNTIF('Audit croisé - Service 2'!$J5, "NON") -> 0 | N28: =COUNTIF('Audit croisé - Service 2'!$J5, "Non applicable") -> 0 | O28: =IFERROR($L28/($L28+$M28), "NA") -> NA
B29: 2.2-03 | C29: EE 1 | D29: =COUNTIF('Audit croisé - Service 1'!$J6, "OUI") -> 0 | E29: =COUNTIF('Audit croisé - Service 1'!$J6, "NON") -> 0 | F29: =COUNTIF('Audit croisé - Service 1'!$J6, "Non applicable") -> 0 | G29: =IFERROR($D29/($D29+$E29), "NA") -> NA | J29: 2.2-03 | K29: EE 1 | L29: =COUNTIF('Audit croisé - Service 2'!$J6, "OUI") -> 0 | M29: =COUNTIF('Audit croisé - Service 2'!$J6, "NON") -> 0 | N29: =COUNTIF('Audit croisé - Service 2'!$J6, "Non applicable") -> 0 | O29: =IFERROR($L29/($L29+$M29), "NA") -> NA
C30: EE 2 | D30: =COUNTIF('Audit croisé - Service 1'!$J7, "OUI") -> 0 | E30: =COUNTIF('Audit croisé - Service 1'!$J7, "NON") -> 0 | F30: =COUNTIF('Audit croisé - Service 1'!$J7, "Non applicable") -> 0 | G30: =IFERROR($D30/($D30+$E30), "NA") -> NA | K30: EE 2 | L30: =COUNTIF('Audit croisé - Service 2'!$J7, "OUI") -> 0 | M30: =COUNTIF('Audit croisé - Service 2'!$J7, "NON") -> 0 | N30: =COUNTIF('Audit croisé - Service 2'!$J7, "Non applicable") -> 0 | O30: =IFERROR($L30/($L30+$M30), "NA") -> NA
C31: EE 3 | D31: =COUNTIF('Audit croisé - Service 1'!$J8, "OUI") -> 0 | E31: =COUNTIF('Audit croisé - Service 1'!$J8, "NON") -> 0 | F31: =COUNTIF('Audit croisé - Service 1'!$J8, "Non applicable") -> 0 | G31: =IFERROR($D31/($D31+$E31), "NA") -> NA | K31: EE 3 | L31: =COUNTIF('Audit croisé - Service 2'!$J8, "OUI") -> 0 | M31: =COUNTIF('Audit croisé - Service 2'!$J8, "NON") -> 0 | N31: =COUNTIF('Audit croisé - Service 2'!$J8, "Non applicable") -> 0 | O31: =IFERROR($L31/($L31+$M31), "NA") -> NA
C32: EE 4 | D32: =COUNTIF('Audit croisé - Service 1'!$J9, "OUI") -> 0 | E32: =COUNTIF('Audit croisé - Service 1'!$J9, "NON") -> 0 | F32: =COUNTIF('Audit croisé - Service 1'!$J9, "Non applicable") -> 0 | G32: =IFERROR($D32/($D32+$E32), "NA") -> NA | K32: EE 4 | L32: =COUNTIF('Audit croisé - Service 2'!$J9, "OUI") -> 0 | M32: =COUNTIF('Audit croisé - Service 2'!$J9, "NON") -> 0 | N32: =COUNTIF('Audit croisé - Service 2'!$J9, "Non applicable") -> 0 | O32: =IFERROR($L32/($L32+$M32), "NA") -> NA
C33: EE 5 | D33: =COUNTIF('Audit croisé - Service 1'!$J10, "OUI") -> 0 | E33: =COUNTIF('Audit croisé - Service 1'!$J10, "NON") -> 0 | F33: =COUNTIF('Audit croisé - Service 1'!$J10, "Non applicable") -> 0 | G33: =IFERROR($D33/($D33+$E33), "NA") -> NA | K33: EE 5 | L33: =COUNTIF('Audit croisé - Service 2'!$J10, "OUI") -> 0 | M33: =COUNTIF('Audit croisé - Service 2'!$J10, "NON") -> 0 | N33: =COUNTIF('Audit croisé - Service 2'!$J10, "Non applicable") -> 0 | O33: =IFERROR($L33/($L33+$M33), "NA") -> NA
C34: EE 6 | D34: =COUNTIF('Audit croisé - Service 1'!$J11, "OUI") -> 0 | E34: =COUNTIF('Audit croisé - Service 1'!$J11, "NON") -> 0 | F34: =COUNTIF('Audit croisé - Service 1'!$J11, "Non applicable") -> 0 | G34: =IFERROR($D34/($D34+$E34), "NA") -> NA | K34: EE 6 | L34: =COUNTIF('Audit croisé - Service 2'!$J11, "OUI") -> 0 | M34: =COUNTIF('Audit croisé - Service 2'!$J11, "NON") -> 0 | N34: =COUNTIF('Audit croisé - Service 2'!$J11, "Non applicable") -> 0 | O34: =IFERROR($L34/($L34+$M34), "NA") -> NA
B35: 2.2-04 | C35: EE 1 | D35: =COUNTIF('Audit croisé - Service 1'!$J12, "OUI") -> 0 | E35: =COUNTIF('Audit croisé - Service 1'!$J12, "NON") -> 0 | F35: =COUNTIF('Audit croisé - Service 1'!$J12, "Non applicable") -> 0 | G35: =IFERROR($D35/($D35+$E35), "NA") -> NA | J35: 2.2-04 | K35: EE 1 | L35: =COUNTIF('Audit croisé - Service 2'!$J12, "OUI") -> 0 | M35: =COUNTIF('Audit croisé - Service 2'!$J12, "NON") -> 0 | N35: =COUNTIF('Audit croisé - Service 2'!$J12, "Non applicable") -> 0 | O35: =IFERROR($L35/($L35+$M35), "NA") -> NA
C36: EE 2 | D36: =COUNTIF('Audit croisé - Service 1'!$J13, "OUI") -> 0 | E36: =COUNTIF('Audit croisé - Service 1'!$J13, "NON") -> 0 | F36: =COUNTIF('Audit croisé - Service 1'!$J13, "Non applicable") -> 0 | G36: =IFERROR($D36/($D36+$E36), "NA") -> NA | K36: EE 2 | L36: =COUNTIF('Audit croisé - Service 2'!$J13, "OUI") -> 0 | M36: =COUNTIF('Audit croisé - Service 2'!$J13, "NON") -> 0 | N36: =COUNTIF('Audit croisé - Service 2'!$J13, "Non applicable") -> 0 | O36: =IFERROR($L36/($L36+$M36), "NA") -> NA
C37: EE 3 | D37: =COUNTIF('Audit croisé - Service 1'!$J14, "OUI") -> 0 | E37: =COUNTIF('Audit croisé - Service 1'!$J14, "NON") -> 0 | F37: =COUNTIF('Audit croisé - Service 1'!$J14, "Non applicable") -> 0 | G37: =IFERROR($D37/($D37+$E37), "NA") -> NA | K37: EE 3 | L37: =COUNTIF('Audit croisé - Service 2'!$J14, "OUI") -> 0 | M37: =COUNTIF('Audit croisé - Service 2'!$J14, "NON") -> 0 | N37: =COUNTIF('Audit croisé - Service 2'!$J14, "Non applicable") -> 0 | O37: =IFERROR($L37/($L37+$M37), "NA") -> NA
C38: EE 4 | K38: EE 4
C39: EE 5 | K39: EE 5
C40: EE 6 | K40: EE 6
C41: EE 7 | K41: EE 7
C42: EE 8 | K42: EE 8
C43: EE 9 | K43: EE 9
C44: EE 10 | D44: =COUNTIF('Audit croisé - Service 1'!$J21, "OUI") -> 0 | E44: =COUNTIF('Audit croisé - Service 1'!$J21, "NON") -> 0 | F44: =COUNTIF('Audit croisé - Service 1'!$J21, "Non applicable") -> 0 | G44: =IFERROR($D44/($D44+$E44), "NA") -> NA | K44: EE 10 | L44: =COUNTIF('Audit croisé - Service 2'!$J21, "OUI") -> 0 | M44: =COUNTIF('Audit croisé - Service 2'!$J21, "NON") -> 0 | N44: =COUNTIF('Audit croisé - Service 2'!$J21, "Non applicable") -> 0 | O44: =IFERROR($L44/($L44+$M44), "NA") -> NA
C45: EE 11 | D45: =COUNTIF('Audit croisé - Service 1'!$J22, "OUI") -> 0 | E45: =COUNTIF('Audit croisé - Service 1'!$J22, "NON") -> 0 | F45: =COUNTIF('Audit croisé - Service 1'!$J22, "Non applicable") -> 0 | G45: =IFERROR($D45/($D45+$E45), "NA") -> NA | K45: EE 11 | L45: =COUNTIF('Audit croisé - Service 2'!$J22, "OUI") -> 0 | M45: =COUNTIF('Audit croisé - Service 2'!$J22, "NON") -> 0 | N45: =COUNTIF('Audit croisé - Service 2'!$J22, "Non applicable") -> 0 | O45: =IFERROR($L45/($L45+$M45), "NA") -> NA
B46: 2.2-05 | C46: EE 1 | D46: =COUNTIF('Audit croisé - Service 1'!$J23, "OUI") -> 0 | E46: =COUNTIF('Audit croisé - Service 1'!$J23, "NON") -> 0 | F46: =COUNTIF('Audit croisé - Service 1'!$J23, "Non applicable") -> 0 | G46: =IFERROR($D46/($D46+$E46), "NA") -> NA | J46: 2.2-05 | K46: EE 1 | L46: =COUNTIF('Audit croisé - Service 2'!$J23, "OUI") -> 0 | M46: =COUNTIF('Audit croisé - Service 2'!$J23, "NON") -> 0 | N46: =COUNTIF('Audit croisé - Service 2'!$J23, "Non applicable") -> 0 | O46: =IFERROR($L46/($L46+$M46), "NA") -> NA
C47: EE 2 | K47: EE 2
C48: EE 3 | K48: EE 3
C49: EE 4 | D49: =COUNTIF('Audit croisé - Service 1'!$J26, "OUI") -> 0 | E49: =COUNTIF('Audit croisé - Service 1'!$J26, "NON") -> 0 | F49: =COUNTIF('Audit croisé - Service 1'!$J26, "Non applicable") -> 0 | G49: =IFERROR($D49/($D49+$E49), "NA") -> NA | K49: EE 4 | L49: =COUNTIF('Audit croisé - Service 2'!$J26, "OUI") -> 0 | M49: =COUNTIF('Audit croisé - Service 2'!$J26, "NON") -> 0 | N49: =COUNTIF('Audit croisé - Service 2'!$J26, "Non applicable") -> 0 | O49: =IFERROR($L49/($L49+$M49), "NA") -> NA
C50: EE 5 | D50: =COUNTIF('Audit croisé - Service 1'!$J27, "OUI") -> 0 | E50: =COUNTIF('Audit croisé - Service 1'!$J27, "NON") -> 0 | F50: =COUNTIF('Audit croisé - Service 1'!$J27, "Non applicable") -> 0 | G50: =IFERROR($D50/($D50+$E50), "NA") -> NA | K50: EE 5 | L50: =COUNTIF('Audit croisé - Service 2'!$J27, "OUI") -> 0 | M50: =COUNTIF('Audit croisé - Service 2'!$J27, "NON") -> 0 | N50: =COUNTIF('Audit croisé - Service 2'!$J27, "Non applicable") -> 0 | O50: =IFERROR($L50/($L50+$M50), "NA") -> NA
C51: EE 6 | D51: =COUNTIF('Audit croisé - Service 1'!$J28, "OUI") -> 0 | E51: =COUNTIF('Audit croisé - Service 1'!$J28, "NON") -> 0 | F51: =COUNTIF('Audit croisé - Service 1'!$J28, "Non applicable") -> 0 | G51: =IFERROR($D51/($D51+$E51), "NA") -> NA | K51: EE 6 | L51: =COUNTIF('Audit croisé - Service 2'!$J28, "OUI") -> 0 | M51: =COUNTIF('Audit croisé - Service 2'!$J28, "NON") -> 0 | N51: =COUNTIF('Audit croisé - Service 2'!$J28, "Non applicable") -> 0 | O51: =IFERROR($L51/($L51+$M51), "NA") -> NA
C52: EE 7 | D52: =COUNTIF('Audit croisé - Service 1'!$J29, "OUI") -> 0 | E52: =COUNTIF('Audit croisé - Service 1'!$J29, "NON") -> 0 | F52: =COUNTIF('Audit croisé - Service 1'!$J29, "Non applicable") -> 0 | G52: =IFERROR($D52/($D52+$E52), "NA") -> NA | K52: EE 7 | L52: =COUNTIF('Audit croisé - Service 2'!$J29, "OUI") -> 0 | M52: =COUNTIF('Audit croisé - Service 2'!$J29, "NON") -> 0 | N52: =COUNTIF('Audit croisé - Service 2'!$J29, "Non applicable") -> 0 | O52: =IFERROR($L52/($L52+$M52), "NA") -> NA
B53: 2.2-06 | C53: EE 1 | D53: =COUNTIF('Audit croisé - Service 1'!$J30, "OUI") -> 0 | E53: =COUNTIF('Audit croisé - Service 1'!$J30, "NON") -> 0 | F53: =COUNTIF('Audit croisé - Service 1'!$J30, "Non applicable") -> 0 | G53: =IFERROR($D53/($D53+$E53), "NA") -> NA | J53: 2.2-06 | K53: EE 1 | L53: =COUNTIF('Audit croisé - Service 2'!$J30, "OUI") -> 0 | M53: =COUNTIF('Audit croisé - Service 2'!$J30, "NON") -> 0 | N53: =COUNTIF('Audit croisé - Service 2'!$J30, "Non applicable") -> 0 | O53: =IFERROR($L53/($L53+$M53), "NA") -> NA
C54: EE 2 | D54: =COUNTIF('Audit croisé - Service 1'!$J31, "OUI") -> 0 | E54: =COUNTIF('Audit croisé - Service 1'!$J31, "NON") -> 0 | F54: =COUNTIF('Audit croisé - Service 1'!$J31, "Non applicable") -> 0 | G54: =IFERROR($D54/($D54+$E54), "NA") -> NA | K54: EE 2 | L54: =COUNTIF('Audit croisé - Service 2'!$J31, "OUI") -> 0 | M54: =COUNTIF('Audit croisé - Service 2'!$J31, "NON") -> 0 | N54: =COUNTIF('Audit croisé - Service 2'!$J31, "Non applicable") -> 0 | O54: =IFERROR($L54/($L54+$M54), "NA") -> NA
C55: EE 3 | D55: =COUNTIF('Audit croisé - Service 1'!$J32, "OUI") -> 0 | E55: =COUNTIF('Audit croisé - Service 1'!$J32, "NON") -> 0 | F55: =COUNTIF('Audit croisé - Service 1'!$J32, "Non applicable") -> 0 | G55: =IFERROR($D55/($D55+$E55), "NA") -> NA | K55: EE 3 | L55: =COUNTIF('Audit croisé - Service 2'!$J32, "OUI") -> 0 | M55: =COUNTIF('Audit croisé - Service 2'!$J32, "NON") -> 0 | N55: =COUNTIF('Audit croisé - Service 2'!$J32, "Non applicable") -> 0 | O55: =IFERROR($L55/($L55+$M55), "NA") -> NA
C56: EE 4 | D56: =COUNTIF('Audit croisé - Service 1'!$J33, "OUI") -> 0 | E56: =COUNTIF('Audit croisé - Service 1'!$J33, "NON") -> 0 | F56: =COUNTIF('Audit croisé - Service 1'!$J33, "Non applicable") -> 0 | G56: =IFERROR($D56/($D56+$E56), "NA") -> NA | K56: EE 4 | L56: =COUNTIF('Audit croisé - Service 2'!$J33, "OUI") -> 0 | M56: =COUNTIF('Audit croisé - Service 2'!$J33, "NON") -> 0 | N56: =COUNTIF('Audit croisé - Service 2'!$J33, "Non applicable") -> 0 | O56: =IFERROR($L56/($L56+$M56), "NA") -> NA
C57: EE 5 | D57: =COUNTIF('Audit croisé - Service 1'!$J34, "OUI") -> 0 | E57: =COUNTIF('Audit croisé - Service 1'!$J34, "NON") -> 0 | F57: =COUNTIF('Audit croisé - Service 1'!$J34, "Non applicable") -> 0 | G57: =IFERROR($D57/($D57+$E57), "NA") -> NA | K57: EE 5 | L57: =COUNTIF('Audit croisé - Service 2'!$J34, "OUI") -> 0 | M57: =COUNTIF('Audit croisé - Service 2'!$J34, "NON") -> 0 | N57: =COUNTIF('Audit croisé - Service 2'!$J34, "Non applicable") -> 0 | O57: =IFERROR($L57/($L57+$M57), "NA") -> NA
B58: 2.2-07 | C58: EE 1 | D58: =COUNTIF('Audit croisé - Service 1'!$J40, "OUI") -> 0 | E58: =COUNTIF('Audit croisé - Service 1'!$J40, "NON") -> 0 | F58: =COUNTIF('Audit croisé - Service 1'!$J40, "Non applicable") -> 0 | G58: =IFERROR($D58/($D58+$E58), "NA") -> NA | J58: 2.2-07 | K58: EE 1 | L58: =COUNTIF('Audit croisé - Service 2'!$J40, "OUI") -> 0 | M58: =COUNTIF('Audit croisé - Service 2'!$J40, "NON") -> 0 | N58: =COUNTIF('Audit croisé - Service 2'!$J40, "Non applicable") -> 0 | O58: =IFERROR($L58/($L58+$M58), "NA") -> NA
C59: EE 2 | D59: =COUNTIF('Audit croisé - Service 1'!$J41, "OUI") -> 0 | E59: =COUNTIF('Audit croisé - Service 1'!$J41, "NON") -> 0 | F59: =COUNTIF('Audit croisé - Service 1'!$J41, "Non applicable") -> 0 | G59: =IFERROR($D59/($D59+$E59), "NA") -> NA | K59: EE 2 | L59: =COUNTIF('Audit croisé - Service 2'!$J41, "OUI") -> 0 | M59: =COUNTIF('Audit croisé - Service 2'!$J41, "NON") -> 0 | N59: =COUNTIF('Audit croisé - Service 2'!$J41, "Non applicable") -> 0 | O59: =IFERROR($L59/($L59+$M59), "NA") -> NA
C60: EE 3 | D60: =COUNTIF('Audit croisé - Service 1'!$J42, "OUI") -> 0 | E60: =COUNTIF('Audit croisé - Service 1'!$J42, "NON") -> 0 | F60: =COUNTIF('Audit croisé - Service 1'!$J42, "Non applicable") -> 0 | G60: =IFERROR($D60/($D60+$E60), "NA") -> NA | K60: EE 3 | L60: =COUNTIF('Audit croisé - Service 2'!$J42, "OUI") -> 0 | M60: =COUNTIF('Audit croisé - Service 2'!$J42, "NON") -> 0 | N60: =COUNTIF('Audit croisé - Service 2'!$J42, "Non applicable") -> 0 | O60: =IFERROR($L60/($L60+$M60), "NA") -> NA
C61: EE 4 | D61: =COUNTIF('Audit croisé - Service 1'!$J43, "OUI") -> 0 | E61: =COUNTIF('Audit croisé - Service 1'!$J43, "NON") -> 0 | F61: =COUNTIF('Audit croisé - Service 1'!$J43, "Non applicable") -> 0 | G61: =IFERROR($D61/($D61+$E61), "NA") -> NA | K61: EE 4 | L61: =COUNTIF('Audit croisé - Service 2'!$J43, "OUI") -> 0 | M61: =COUNTIF('Audit croisé - Service 2'!$J43, "NON") -> 0 | N61: =COUNTIF('Audit croisé - Service 2'!$J43, "Non applicable") -> 0 | O61: =IFERROR($L61/($L61+$M61), "NA") -> NA
B62: 2.2-12 | C62: EE 1 | D62: =COUNTIF('Audit croisé - Service 1'!$J44, "OUI") -> 0 | E62: =COUNTIF('Audit croisé - Service 1'!$J44, "NON") -> 0 | F62: =COUNTIF('Audit croisé - Service 1'!$J44, "Non applicable") -> 0 | G62: =IFERROR($D62/($D62+$E62), "NA") -> NA | J62: 2.2-12 | K62: EE 1 | L62: =COUNTIF('Audit croisé - Service 2'!$J44, "OUI") -> 0 | M62: =COUNTIF('Audit croisé - Service 2'!$J44, "NON") -> 0 | N62: =COUNTIF('Audit croisé - Service 2'!$J44, "Non applicable") -> 0 | O62: =IFERROR($L62/($L62+$M62), "NA") -> NA
C63: EE 2 | D63: =COUNTIF('Audit croisé - Service 1'!$J45, "OUI") -> 0 | E63: =COUNTIF('Audit croisé - Service 1'!$J45, "NON") -> 0 | F63: =COUNTIF('Audit croisé - Service 1'!$J45, "Non applicable") -> 0 | G63: =IFERROR($D63/($D63+$E63), "NA") -> NA | K63: EE 2 | L63: =COUNTIF('Audit croisé - Service 2'!$J45, "OUI") -> 0 | M63: =COUNTIF('Audit croisé - Service 2'!$J45, "NON") -> 0 | N63: =COUNTIF('Audit croisé - Service 2'!$J45, "Non applicable") -> 0 | O63: =IFERROR($L63/($L63+$M63), "NA") -> NA
B64: Global | D64: =SUM(D25:D63) -> 0 | E64: =SUM(E25:E63) -> 0 | F64: =SUM(F25:F63) -> 0 | G64: =AVERAGE(G25:G63) -> #DIV/0! | J64: Global | L64: =SUM(L25:L63) -> 0 | M64: =SUM(M25:M63) -> 0 | N64: =SUM(N25:N63) -> 0 | O64: =AVERAGE(O25:O63) -> #DIV/0!
A65: 2.4 | B65: 2.4-02 | C65: EE 1 | D65: =COUNTIF('Audit croisé - Service 1'!$J46, "OUI") -> 0 | E65: =COUNTIF('Audit croisé - Service 1'!$J46, "NON") -> 0 | F65: =COUNTIF('Audit croisé - Service 1'!$J46, "Non applicable") -> 0 | G65: =IFERROR($D65/($D65+$E65), "NA") -> NA | I65: 2.4 | J65: 2.4-02 | K65: EE 1 | L65: =COUNTIF('Audit croisé - Service 2'!$J46, "OUI") -> 0 | M65: =COUNTIF('Audit croisé - Service 2'!$J46, "NON") -> 0 | N65: =COUNTIF('Audit croisé - Service 2'!$J46, "Non applicable") -> 0 | O65: =IFERROR($L65/($L65+$M65), "NA") -> NA
C66: EE 2 | D66: =COUNTIF('Audit croisé - Service 1'!$J47, "OUI") -> 0 | E66: =COUNTIF('Audit croisé - Service 1'!$J47, "NON") -> 0 | F66: =COUNTIF('Audit croisé - Service 1'!$J47, "Non applicable") -> 0 | G66: =IFERROR($D66/($D66+$E66), "NA") -> NA | K66: EE 2 | L66: =COUNTIF('Audit croisé - Service 2'!$J47, "OUI") -> 0 | M66: =COUNTIF('Audit croisé - Service 2'!$J47, "NON") -> 0 | N66: =COUNTIF('Audit croisé - Service 2'!$J47, "Non applicable") -> 0 | O66: =IFERROR($L66/($L66+$M66), "NA") -> NA
C67: EE 3 | D67: =COUNTIF('Audit croisé - Service 1'!$J48, "OUI") -> 0 | E67: =COUNTIF('Audit croisé - Service 1'!$J48, "NON") -> 0 | F67: =COUNTIF('Audit croisé - Service 1'!$J48, "Non applicable") -> 0 | G67: =IFERROR($D67/($D67+$E67), "NA") -> NA | K67: EE 3 | L67: =COUNTIF('Audit croisé - Service 2'!$J48, "OUI") -> 0 | M67: =COUNTIF('Audit croisé - Service 2'!$J48, "NON") -> 0 | N67: =COUNTIF('Audit croisé - Service 2'!$J48, "Non applicable") -> 0 | O67: =IFERROR($L67/($L67+$M67), "NA") -> NA
C68: EE 4 | D68: =COUNTIF('Audit croisé - Service 1'!$J49, "OUI") -> 0 | E68: =COUNTIF('Audit croisé - Service 1'!$J49, "NON") -> 0 | F68: =COUNTIF('Audit croisé - Service 1'!$J49, "Non applicable") -> 0 | G68: =IFERROR($D68/($D68+$E68), "NA") -> NA | K68: EE 4 | L68: =COUNTIF('Audit croisé - Service 2'!$J49, "OUI") -> 0 | M68: =COUNTIF('Audit croisé - Service 2'!$J49, "NON") -> 0 | N68: =COUNTIF('Audit croisé - Service 2'!$J49, "Non applicable") -> 0 | O68: =IFERROR($L68/($L68+$M68), "NA") -> NA
C69: EE 5 | D69: =COUNTIF('Audit croisé - Service 1'!$J50, "OUI") -> 0 | E69: =COUNTIF('Audit croisé - Service 1'!$J50, "NON") -> 0 | F69: =COUNTIF('Audit croisé - Service 1'!$J50, "Non applicable") -> 0 | G69: =IFERROR($D69/($D69+$E69), "NA") -> NA | K69: EE 5 | L69: =COUNTIF('Audit croisé - Service 2'!$J50, "OUI") -> 0 | M69: =COUNTIF('Audit croisé - Service 2'!$J50, "NON") -> 0 | N69: =COUNTIF('Audit croisé - Service 2'!$J50, "Non applicable") -> 0 | O69: =IFERROR($L69/($L69+$M69), "NA") -> NA
C70: EE 6 | D70: =COUNTIF('Audit croisé - Service 1'!$J51, "OUI") -> 0 | E70: =COUNTIF('Audit croisé - Service 1'!$J51, "NON") -> 0 | F70: =COUNTIF('Audit croisé - Service 1'!$J51, "Non applicable") -> 0 | G70: =IFERROR($D70/($D70+$E70), "NA") -> NA | K70: EE 6 | L70: =COUNTIF('Audit croisé - Service 2'!$J51, "OUI") -> 0 | M70: =COUNTIF('Audit croisé - Service 2'!$J51, "NON") -> 0 | N70: =COUNTIF('Audit croisé - Service 2'!$J51, "Non applicable") -> 0 | O70: =IFERROR($L70/($L70+$M70), "NA") -> NA
B71: Global | D71: =SUM(D65:D70) -> 0 | E71: =SUM(E65:E70) -> 0 | F71: =SUM(F65:F70) -> 0 | G71: =AVERAGE(G65:G70) -> #DIV/0! | J71: Global | L71: =SUM(L65:L70) -> 0 | M71: =SUM(M65:M70) -> 0 | N71: =SUM(N65:N70) -> 0 | O71: =AVERAGE(O65:O70) -> #DIV/0!
A72: 3.4 | B72: 3.4-02 | C72: EE 1 | D72: =COUNTIF('Audit croisé - Service 1'!$J57, "OUI") -> 0 | E72: =COUNTIF('Audit croisé - Service 1'!$J57, "NON") -> 0 | F72: =COUNTIF('Audit croisé - Service 1'!$J57, "Non applicable") -> 0 | G72: =IFERROR($D72/($D72+$E72), "NA") -> NA | I72: 3.4 | J72: 3.4-02 | K72: EE 1 | L72: =COUNTIF('Audit croisé - Service 2'!$J57, "OUI") -> 0 | M72: =COUNTIF('Audit croisé - Service 2'!$J57, "NON") -> 0 | N72: =COUNTIF('Audit croisé - Service 2'!$J57, "Non applicable") -> 0 | O72: =IFERROR($L72/($L72+$M72), "NA") -> NA

Sheet Audit croisé - Service 2
A1: Objectif | B1: N° de critère | C1: Libellé critère | D1: Niveau d'exigence | E1: Méthode d'évaluation Certification | F1: Eléments d'évaluation | G1: Attendus | H1: Cible de l'évaluation | I1: Questions spécifiques éventuelles | J1: Réponse OUI/NON ou (Non applicable seulement pour les cases grisée) | K1: Commentaires
A2: 2.2 La maîtrise des risques liés aux pratiques | B2: 2.2-02 | C2: Les équipes respectent les bonnes pratiques de prescription des médicaments | D2: Impératif | E2: TC med | F2: La prescription d’entrée prend en compte le traitement habituel du patient. | G2: Toute prescription d’entrée prend en compte le traitement habituel du patient à poursuivre afin que l’analyse pharmaceutique porte sur l’intégralité de la prescription La prescription doit prendre en compte l'ensemble des médicaments (ce qu'il a l'habitude de prendre et ce qui est prescrit durant l'hospitalisation) | H2: Professionnels services | I2: Comment est intégré le traitement habituel du patient dans la prescription ?
E3: TC med | F3: La prescription mentionne clairement l’identification et la signature du prescripteur, la date et l'heure, la dénomination des molécules en DCI, la posologie, le solvant et son volume (injectable), et la voie d’administration. | G3: Toute prescription comporte toutes les informations requises : - identification et signature du prescripteur habilité, identité complète du patient, date et heure, dénomination des molécules en DCI, posologie, solvant et son volume (injectable) et la voie d’administration - en s’adaptant au profil du patient (enfant, patient âgé…) | H3: Professionnels services
E4: TC med | F4: Toute prescription conditionnelle est argumentée en référence à une valeur seuil. | G4: La prescription conditionnelle est une prescription d'un médicament en dose variable en fonction de l'évaluation d'un ou plusieurs paramètres. Pour les prescriptions conditionnelles, l’argumentation en référence à une valeur seuil est tracée : - prescription d’insuline en fonction de la glycémie, prescription de sédation en fonction d’un score de sédation, prescription d’antalgique en fonction d’un score d’évaluation de la douleur, prescription d'un laxatif en cas de constipation indiquant le nombre de jours sans selles La prescription conditionnelle : •concerne une indication clinique prévisible à la consultation et à l'admission, •a des conditions d'administration clairement établies, •comporte une durée maximale de traitement, •stipule le nombre maximal d'administration par période de 24 heures accompagné d'un intervalle temporel entre 2 prises consécutives, •s'applique pour un unique patient défini, •est réévaluée régulièrement | H4: Professionnels services | I4: Pouvez-vous me montrer une prescription conditionnelle ? Comment est mentionné le seuil ?
E5: TC med | F5: Les prescriptions sont réalisées en temps utile par des professionnels habilités sans retranscription par des professionnels non médicaux. | G5: La prescription est réalisée avant l'administration (en temps utile) •Réalisée sur support informatique (élément de sécurisation) ou manuscrite (retranscription non autorisée) •Support unique (prescription + administration) •La liste des prescripteurs habilités doit être tenue et régulièrement mise à jour et retrouvée à la PUI : les médecins - les prescripteurs délégués (internes sous la responsabilité du praticien sous lequel ils sont placés (Article R6153-3 du CSP) - les sages-femmes (uniquement dans leurs domaines de compétence) - les infirmiers en pratique avancée (médicaments et dispositifs médicaux non soumis à prescription médicale obligatoire). | H5: Professionnels services | I5: Pouvez-vous me montrer la réalisation d’une prescription médicale ? Qui réalise les prescriptions dans votre service ? Exemple sur stupéfiants
B6: 2.2-03 | C6: Les équipes respectent les bonnes pratiques de dispensation des médicaments | D6: Standard | E6: TC med | F6: Le pharmacien réalise l’analyse pharmaceutique de l’ordonnance en s'appuyant sur les données biologiques du patient et l’accès à son dossier. | G6: Le pharmacien assure dans son intégralité l’acte de dispensation du médicament, associant à sa délivrance : 1 - l’analyse pharmaceutique de l’ordonnance médicale ; 2 - la préparation éventuelle des doses à administrer ; 3 - la mise à disposition des informations et les conseils nécessaires au bon usage du médicament. •L’analyse pharmaceutique permet la vérification des posologies, des doses, des durées de traitement, du mode et des rythmes d’administration, de l’absence de contre-indications d’interactions et de redondances médicamenteuses. •l’analyse pharmaceutique est réalisée pour les prescriptions en s’appuyant sur les données du patient (accès au dossier patient, accès aux données biologiques…) ; | H6: Pharmacie | I6: Quels sont les services et proportions de prescriptions concernés par l’analyse pharmaceutique ? Comment est organisée l’analyse pharmaceutique ? De quelles données disposez-vous ?
E7: TC med | F7: Les interventions pharmaceutiques sont prises en compte par les services prescripteurs. | G7: •Les interventions pharmaceutiques sont partagées et tracées dans le dossier médical du patient. •La prise en compte de l'avis pharmaceutique par le médecin est tracée dans le DPI/fiche d'intervention pharmaceutique | H7: Professionnels services | I7: Pharmacie : Comment sont diffusées les interventions sur les prescriptions aux médecins ? Comment pouvez-vous contrôler que les prescripteurs les prennent en compte ? Réalisez-vous des audits de bonnes pratiques sur les interventions des pharmaciens par les prescripteurs ? Service de soins : Comment êtes-vous informé des interventions de la pharmacie à la suite de l’analyse pharmaceutique ?
E8: TC med | F8: La délivrance des médicaments est adaptée aux besoins des services (journalier, hebdomadaire, mensuel) au regard des prescriptions. | G8: Les modes de délivrance des médicaments est formalisée (procédure) et répondent aux besoins des services : •Mode de délivrance : individuelle, nominative, globale, reglobalisée... •Adaptation et sécurisation selon services, profils patients, routine/hors routine •Prise en compte des circuits spécialisés : certains antibiotiques, médicaments à risque, les produits avec traçabilité jusqu'au patient (stupéfiants, Médicaments Dérivés du Sang-MDS, Dispositifs Médicaux le plus souvent implantables...) •Délivrances en urgence | H8: Pharmacie | I8: Comment s’organise la délivrance des médicaments ?
E9: TC med | F9: L'avis du pharmacien est sollicité lors des Réunions de Concertation Pluriprofessionnelle. | G9: Les services prescripteurs prennent en compte l’avis/le conseil/les interventions émis par le pharmacien à l’issue de l’analyse pharmaceutique ou lors des Réunions de Concertation Pluridisciplinaire (oncologie, obésité…) | H9: Pharmacie | I9: Participez-vous à des RCP ? Les praticiens vous sollicitent-ils pour un avis au cours des RCP ?
E10: TC med | F10: La gouvernance met à disposition des professionnels de l'établissement un(des) logiciel(s) adapté(s) pour faciliter et optimiser les analyses pharmaceutiques. | G10: Le logiciel doit faciliter l’analyse pharmaceutique en sécurisant les prescriptions, détectant les interactions/contre-indications et soutenant la traçabilité (justification, historisation, continuité des soins). | H10: Pharmacie
E11: TC med | F11: Le choix du(des) logiciel(s) est réalisé en conformité avec le plan de maîtrise des dispositifs médicaux numériques mis en place au sein de l'établissement. | G11: Le logiciel doit être certifié et sécurisé, conforme aux règles HAS/ANS, garantissant la sécurité des données, leur transmission maîtrisée et encadrant toute éventuelle réutilisation par l’éditeur. | H11: Pharmacie | I11: La gouvernance associe les équipes pharmaceutiques si besoin d'achat de ce type de logiciel
B12: 2.2-04 | C12: Les équipes respectent les bonnes pratiques d’approvisionnement des produits de santé | D12: Standard | E12: TC med | F12: Les modalités d’approvisionnement répondent aux besoins des professionnels, notamment pour parer à tout besoin urgent de produits de santé. | G12: Le respect des bonnes pratiques d’approvisionnement des produits de santé (médicaments, dispositifs médicaux stériles et dispositifs médicaux implantables) garantit la disponibilité, la sécurité et la qualité des traitements dispensés aux patients •Existence et mise en œuvre d’une procédure de gestion des commandes par les services, pour approvisionnement (standardisées et en urgence) •Mise en place d'une organisation permettant un approvisionnement des unités de soins en cas de besoins urgents (exemples : convention de dépannage avec un autre établissement, mise à disposition d'une ligne d'astreinte/de garde pharmaceutique, mise à disposition d'une armoire de dotation pour besoins urgents dans le service sous responsabilité IDE, prêts entre services de soins (avec une procédure de traçabilité)) | H12: Professionnels | I12: Pharmacie : Comment et par qui est réalisé l’approvisionnement des médicaments ? Avez-vous mis en place une organisation en cas de besoin urgent et le cas échéant en cas de fermeture de la PUI ? En cas de dispensation automatisée, comment vous organisez-vous si l’automate est en panne ? Quels sont les protocoles en place pour le transport de médicaments dans l’établissement ? Quelle est l’organisation pour les médicaments thermosensibles ? Service de soins : Comment votre pharmacie est-elle approvisionnée ? Qui se charge de l’approvisionnement ? Disposez-vous des médicaments selon vos besoins ? Pouvez-vous me montrer votre pharmacie ?
E13: TC med | F13: Le pharmacien identifie les risques liés aux ruptures de stock, informe les prescripteurs et met en place des actions palliatives en collaboration avec les utilisateurs. | G13: • les éventuelles ruptures de stock sont anticipées au niveau de la pharmacie et communiquées aux services de soins ainsi que les spécialités de remplacement ou les alternatives thérapeutiques mises à disposition. | H13: Professionnels | I13: Pharmacie : Quelle procédure est en place pour identifier les risques liés aux ruptures de stock ? Quelle est la procédure pour informer les prescripteurs d’une rupture de stock ? Quelle est la procédure pour la gérer ? Service de soins : Etes-vous informé en cas de rupture par la pharmacie et comment ?
E14: TC med | F14: Le stockage des produits de santé se fait dans les bonnes conditions à la pharmacie à usage intérieur et dans les services de soins. | G14: – au sein de la PUI : • les aires de réception,de stockage,de distribution et de dispensation sont adaptées à l’activité, • les locaux de stockage sont situés, dans la mesure du possible, dans la continuité immédiate de la zone de réception.Les produits ne doivent pas être stockés à même le sol, mais à une hauteur minimale suffisante, • les équipements de stockage à basse température sont proportionnés aux besoins et pourvus de systèmes de contrôle et de sécurité qualifiés (alarmes, enregistrements...). Un système de secours est prévu en cas de panne. Ces équipements sont exclusivement affectés au stockage des produits pharmaceutiques. Ils ne contiennent ni boissons, ni aliments, • les dispositifs médicaux stériles sont souvent volumineux et fragiles. Ils sont stockés dans des locaux d’un volume suffisant pour permettre de les conserver dans leur emballage secondaire. | H14: Pharmacie | I14: Comment sont stockés les médicaments ?
G15: – au sein des unités de soins : • la sécurisation est effective. Les médicaments doivent être stockés dans une armoire fermée à clé ou par un code. Au minimum, le stockage est réalisé dans une zone fermée non accessible au patient ou tout autre public (salle de soins, arsenal, local pharmacie…), • pas de déconditionnement, contenant identifié par molécule et par dosage, pas de mélange…, • les conditions de conservation sont respectées, en particulier en cas de fortes chaleur, pour les produits thermosensibles : systèmes de contrôle et de sécurité qualifiés. Un système de secours est prévu en cas de panne. Ces équipements sont exclusivement affectés au stockage des produits pharmaceutiques. Ils ne contiennent ni boissons, ni aliments, • Prise en compte des médicaments stupéfiants (stockage dédié), oxygène, médicaments dérivés du sang... • le retrait des périmés est effectif, à l’appui d’un contrôle régulier (exemple de rangement FEFO (First Expired,First Out) : les médicaments ayant une date de péremption plus proche sont à placer de façon à les sortir en premier) •Séparation très nette des ampoules buvables, des ampoules injectables et des dosettes •Éloignement physique des médicaments à risque de confusion (dosages différents, homonymie, emballages ressemblants etc.) •Harmonisation de l'étiquetage des dispositifs de rangement et conformité à la législation : étiquette verte, rouge, blanche selon la liste | H15: Professionnels
G16: • Traitements nominatifs : identification avec le nom, prénom, date de naissance (pas d'identification par numéro de chambre) | H16: Professionnels
G17: • Médicaments thermosensibles : conservation entre + 2°C et + 8°C dans un réfrigérateur à froid ventilé exclusivement dédié aux médicaments, emplacement de l'enceinte éloigné de toute source de chaleur, les emballages réfrigérant sont retirés avant stockage dans l'enceinte frigorifique, la quantité de produits thermosensibles est adaptée (répartition homogène permettant une libre circulation de l'air), conduite à tenir en cas d'excursion de température, pas de stockage de nourriture/boissons | H17: Professionnels
G18: •Traitement personnel du patient : retiré à son entrée, l'ensemble des médicaments est identifié, étiqueté au nom du patient (pas d'étiquette manuscrite) et conservé dans un endroit sécurisé (unité de soins, PUI voire restitution à la famille du patient, selon la procédure) jusqu'à la sortie du patient, médicaments non réintégrés à la dotation de l'unité de soins, restitués au patient lors de sa sortie, s'ils sont toujours prescrits, accompagnés d'informations adaptées. Dans la mesure du possible, les traitements arrêtés lui sont retirés pour destruction, avec son accord. | H18: Professionnels
G19: • Médicaments stupéfiants : stockage spécifique dans un lieu séparé et fermé à clé ou disposant d'un mode de fermeture assurant la même sécurité (armoire ou compartiment spécial banalisé réservé à cet usage) | H19: Professionnels
G20: • Oxygène/gaz médicaux : stockés dans un lieu adapté, défini (peu fréquenté), aéré et inaccessible au public, les bouteilles pleines sont stockées debout et arrimées afin d'éviter les risques de chute et de choc, les bouteilles ne sont pas stockées en présence de combustibles (cartons, draps, produits gras ou alcool ( solutions hydro-alcooliques)) et sont éloignées d'une source de chaleur, les bouteilles vides et pleines sont stockées séparément | H20: Professionnels
E21: TC med | F21: Les conditions de transport des produits de santé sont adaptées et sécurisées. | G21: Tout transport de médicaments entre la pharmacie à usage intérieur, la ou les officines de ville et les unités fonctionnelles ou leur équivalent doit se faire dans des conditions d’hygiène et de sécurité permettant : • de respecter le maintien des températures pour les produits thermosensibles ; • de garantir la sécurité par tout système de fermeture approprié (caisse scellée par exemple) jusqu’à la réception des produits de santé (lieu sécurisé, contrôle…) ; • d’assurer un transport rapide pour les besoins urgents et les produits à faible stabilité. • d'organiser la réception : horaires de livraison et réception dans le service (professionnels en charge, traçabilité, modalités de stockage etc.) | H21: Professionnels
E22: TC med | F22: Le contrôle du stockage des produits de santé est effectif avec retrait des périmés. | G22: •Les dates de péremption des produits détenus en dotation dans l'unité de soins font l'objet d'une vérification régulière et cette vérification est tracée •La température du réfrigérateur est contrôlée quotidiennement (au moins une fois par jour) et tracée (idéalement avec enregistrement automatique et report d'alarme) •Si la température est < 2°C ou > 8°C : les professionnels de l'unité fonctionnelle transfèrent les produits exposés à des températures non conformes dans un réfrigérateur fonctionnel d'un autre service (ou de secours) et les identifient comme "Produits en quarantaine", notent l'heure du transfert et appellent la pharmacie afin de connaître la conduite à tenir •Le réfrigérateur fait l'objet d'un entretien régulier selon les procédures d'hygiène de l'établissement. Cet entretien est programmé et tracé •Audits réguliers avec communication des résultats auprès des équipes et réflexion collective autour de la mise en place de mesures correctives le cas échéant, du stockage des produits de santé | H22: Observations
B23: 2.2-05 | C23: Les équipes respectent les bonnes pratiques d’administration des médicaments. | D23: Impératif | E23: TC med | F23: Les professionnels habilités respectent les bonnes pratiques de préparation en évitant les interruptions de tâches. | G23: PDA / Pharmacie : En cas de préparation des doses à administrer (PDA), cette action est réalisée par un pharmacien ou un préparateur en pharmacie sous la responsabilité d’un pharmacien, potentiellement avec l’aide d’un automate. •Le médicament doit rester parfaitement identifiable La préparation répond à des règles précises : une zone de préparation bien identifiée, adaptée, indépendante, respectant toutes les règles d’hygiène, sans interruptions de tâche | H23: Pharmacie | I23: Comment préparez-vous les médicaments ? Avez-vous des étiquettes à disposition pour noter les éléments indispensables pour identifier les médicaments injectables ? Quels sont les dispositifs mis en place pour éviter les interruptions de tâches pendant la préparation de traitement ? Avez-vous identifié des situations à risque pour la préparation des médicaments ? Quelles sont les barrières que vous mettez en place afin de prévenir les erreurs de préparation ?
E24: TC med | G24: Préparation extemporanée : par IDE dans une zone adaptée, au plus proche de l’administration et pas d’interruption de tâches •Mise à disposition d'outils d'aide à la préparation : Protocole Thérapeutique Médicamenteux Infirmier (PTMI), outils sur les compatibilités/incompatibilités physico-chimiques, outils d'aide au calcul de dose, table de conversions... • Respect de la règle des 5B/préparation au regard de la prescription • Respect de la règle : IDE qui prépare = IDE qui administre • Mise en place d'outils de prévention des erreurs médicamenteuses pour les secteurs/populations à risque, médicaments/voies d'administration à risque (check-list, double vérification...) | H24: Professionnels
E25: TC med | G25: • Etiquettage préparation injectable : nom, prénom, nom du médicament, voie d'administration, heure de préparation, durée et débit si nécessaire, nom de l'IDE qui a préparé • Solution buvable : respect de la règle 1 dispositif d'administration = 1 médicament ; date d'ouverture ou date de péremption après ouverture sur le flacon ; identification du gobelet et du flacon avec l'étiquette patient •Pilulier : identification avec étiquette patient (nom, prénom, date de naissance) ; identification complète du médicament jusqu'à administration (nom, dosage, numéro de lot, date de péremption)
E26: TC med | F26: Les professionnels habilités respectent les bonnes pratiques d'administration. | G26: L’administration est réalisée au regard d’une prescription qui est prise en compte et vérifiée - Prise en compte des prescriptions les plus récentes (pas de retranscription de la prescription) • un professionnel de santé habilité administre • l’information du patient est réalisée - patient et/ou entourage • la surveillance du patient et le suivi de l’adhésion du traitement sont évalués • Les interruptions de tâches sont limitées • Le broyage (écrasement des comprimés/ouverture des gélules) n'est réalisé par l'IDE, que sur prescription médicale | H26: Professionnels | I26: Comment s’organise l’administration des médicaments ?
E27: TC med | F27: Les situations à risque (injectables, médicaments reconstitués en pédiatrie, pousse seringue électrique, PCA, chimiothérapies, préparations de poches de perfusion avec reconstitution, multiplicité des préparations...) devant faire l’objet de précautions particulières ont été identifiées et les bonnes pratiques mises en œuvre. | G27: Les situations à risque sont identifiées, des mesures barrières ont été mises en place - notamment des barrières existent pour prévenir les erreurs de préparation •Mise à disposition d'outils d'aide à la préparation : Protocole Thérapeutique Médicamenteux Infirmier (PTMI), outils sur les compatibilités/incompatibilités physico-chimiques, outils d'aide au calcul de dose, table de conversions… • Mise en place d'outils de prévention des erreurs médicamenteuses et de leurs conséquences pour les secteurs/populations à risque, médicaments/voies d'administration à risque, situations à risque : check-list, double vérification, connaissance des protocoles de prise en charge spécifique /intoxication - surdosage / antidotes ... | H27: Professionnels
E28: TC med | F28: La concordance entre le produit, le patient et la prescription est systématiquement vérifiée avant l’administration par les professionnels habilités. | G28: L’administration proprement dite se déroule en respectant les contrôles essentiels : •Vérification par le professionnel habilité des concordances : produit/patient/prescription •Vérification de la présence éventuelle d'une allergie •Association du patient (si l'état le permet) avant tout branchement de perfusion notamment | H28: Professionnels | I28: Comment faites-vous l’analyse de concordance entre la prescription, le produit et le patient ?
E29: TC med | F29: L’administration du médicament ou le motif de non-administration est tracé dans son dossier au moment de la prise par les professionnels habilités. | G29: • Traçabilité de l’administration (prise effective du traitement) réalisée dans le dossier, ainsi que la non-administration (en indiquant le motif, ex refus...), • Traçabilité de l'administration/et de la non-administration au plus près de la prise | H29: Professionnels | I29: Sur quel support tracez-vous l’administration ? Pouvez-vous me montrer ? La traçabilité de l’administration est-elle faite en temps réel ? Pouvez-vous me montrer comment vous tracez la non-administration des médicaments ?
B30: 2.2-06 | C30: Les équipes préviennent les risques d’erreur médicamenteuse. | D30: Impératif | E30: TC med | F30: Les professionnels sont formés à la prévention du risque médicamenteux. | G30: • Formation continue des professionnels à la prévention du risque médicamenteux et plus précisément au respect des bonnes pratiques de prescription, de dispensation et d’administration (programme institutionel) • Les professionnels préviennent, récupèrent et limitent les conséquences des erreurs médicamenteuses au travers de la mise en oeuvre de : - la conciliation médicamenteuse, - la connaissance de la liste des médicaments à risque utilisés (adaptée selon les spécificités de prise en charge dans le service) et des risques liés à leur utilisation, - et de l’information sur les never events | H30: Professionnels | I30: Avez-vous suivi des formations sur la prévention du risque médicamenteux ? Quand s’est déroulée cette formation ? Sur quoi portait-elle ?
E31: TC med | F31: Les professionnels connaissent les moyens de maîtrise des médicaments les plus à risque. | G31: • L'équipe connaît les règles de sécurisation lors de la prescription, du stockage, la préparation et l'administration des médicaments à risque (exemples : médicaments identifiés dans le livret thérapeutique informatique, double vérification des calculs de dose, double vérification de la préparation (dilutions successives en réanimation néonatale), double vérification lors des programmations de pompes, éloignement des médicaments à risque de confusion lors du stockage, pictogramme "Médicament à risque" au niveau du stockage...) | H31: Professionnels | I31: Connaissez-vous les médicaments à risque utilisés dans votre service ? Sont-ils listés ? Citez une des règles de sécurisation ?
E32: TC med | F32: Une liste des médicaments les plus à risque, établie de manière collégiale, est adaptée à l'activité et connue des professionnels. | G32: La liste des médicaments à risque est adaptée à chaque domaine d’activité, car les risques diffèrent selon les spécialités. Elle est basée sur les never events et est personnalisée en fonction des risques spécifiques, tels que les médicaments responsables d’effets indésirables graves, les nouvelles formes galéniques ou les médicaments à marge thérapeutique étroite. La liste est élaborée en concertation pluridisciplinaire, est évolutive (prise en compte des signalements, des résultats des analyses de risques, des études de danger, des alertes et de la vigilance partagée), et est révisée régulièrement L'équipe dispose de la liste (affichée sur l'armoire à pharmacie, GED, bulletins internes...) | H32: Professionnels
E33: TC med | F33: Le circuit des préparations en atmosphère contrôlée (chimiothérapie, immunothérapie, biothérapie, nutrition parentérale, radiopharmaceutique…) est maîtrisé (prescription, analyse pharmaceutique, préparation, libération, transport, stockage et administration). | G33: Le circuit des préparations en atmosphère contrôlée répond aux règles de bonnes pratiques : •Respect des conditions d'hygiène : les locaux et le matériel sont situés, adaptés et entretenus de façon à convenir au mieux aux opérations à effectuer. Ils doivent tendre à minimiser les risques d’erreurs et à permettre un nettoyage et un entretien efficaces en vue d’éviter les contaminations •Les étapes de préparation, stockage, transport et administration suivent des procédures bien définies ; •Un contrôle qualité est réalisé systématiquement (intégrité du produit, du contenant, matériel…). | H33: Pharmacie | I33: Comment s’organise le circuit des préparations en atmosphère contrôlée ? Comment s’organise la préparation ? la dispensation ? Dans le cadre de la préparation des chimiothérapies injectables, pouvez-vous me montrer comment se passe la libération des poches ? le transport ? le stockage ? l’administration ? Comment s’organise le suivi d’un produit non administré ? Comment est-il détruit ?
E34: TC med | F34: Les erreurs médicamenteuses sont analysées en équipe et font l’objet d'un plan d’actions suivi. | G34: • Les professionnels sont inscrits dans une culture déclarative, d’analyse en équipe de l’erreur et de suivi d’un plan d’action Cela concerne les EI dont EIG et les presqu'accidents • Analyse pluriprofessionnelle et pluridisciplinaire des erreurs médicamenteuses selon la méthode ALARMe • Elaboration d'un plan d'action : nommer un pilote, définir une échéance et identifier des modalités d'évaluation • Suivi de la mise en place des actions d'amélioration, par qui : RSMQ ? ou autre ? • Communication : EI et actions mises en œuvre (par écrit, par oral,…) comment ? | H34: Pharmacie Professionnels | I34: Pharmacie : Avez-vous des évènements indésirables déclarés en lien avec le circuit des produits de santé ? Comment et par qui sont-ils analysés ? Pouvez vous en citer avec des exemples d'actions d'amélioiation mises en place ? Avez-vous un plan d’action en lien avec ces analyses ? Pouvez-vous me le montrer ? Service de soins : Déclarez-vous des évènements indésirables en lien avec le circuit du médicament ? Avez-vous participé à l’analyse de ces évènements indésirables ? Pouvez vous en citer avec des exemples d'actions d'amélioration mises en place ? si oui, Comment êtes vous informés ? Avez-vous un plan d’action en lien avec ces analyses ? Des actions sont-elles mises en place dans votre service en lien avec la prévention des erreurs médicamenteuses ?
A35: 2.1 La coordination des équipes pour la prise en charge du patient | B35: 2.1-04 | C35: Les équipes réalisent la conciliation médicamenteuse pour les populations ciblées | D35: standard | E35: TC med | F35: La conciliation médicamenteuse est engagée pour les secteurs et profils de patients les plus à risque (gériatrie, oncologie, patients âgés polymédicamentés, patients sous chimiothérapies...). | G35: L'établissement a priorisé les secteurs et profils de patients les plus à risque éligibles à la conciliation Evaluer l’état d’avancement pour les secteurs et profils de patients les plus à risque (gériatrie, oncologie, patients âgés polymédicamentés, patients sous chimiothérapie…) - mise en oeuvre dans au moins un des secteurs ou populations ciblés par l’établissement… exemples de ciblage : à l'aide de requêtes informatiques, de sollicitations de l'équipe médicale, d'outils de priorisation (liste, score, grille…) Elle est réalisée = effective dans tous les secteurs et selon les bonnes pratiques. | H35: Pharmacie | I35: Quels sont les services et proportions de prescriptions concernés par la conciliation médicamenteuse ? Faites-vous de la conciliation des traitements médicamenteux ? Pour quels types de patients ? Comment l’organisez-vous ? Pouvez-vous me montrer le bilan médicamenteux ?
E36: TC med | F36: La conciliation médicamenteuse est programmée pour les secteurs et profils de patients les plus à risque (gériatrie, oncologie, patients âgés polymédicamentés, patients sous chimiothérapies...) dans lesquels elle n'est pas déjà réalisée. | G36: Elle est programmée = planning de mise en oeuvre dans les autres secteurs ou populations ciblés par l’établissement •La CTM est un projet institutionnel. Elle s'inscrit dans : le projet médical d'établissement, la politique d'amélioration continue de la qualité des soins, le programme d'amélioration de la PCM du patient •Une équipe pluridisciplinaire incluant le pharmacien est identifiée pour piloter le processus •L'identification de médicaments, patients et/ou organisations à risque doit faire l'objet d'un travail collectif pluri-professionnel au sein de chaque établissement •L'activité de conciliation médicamenteuse fait l'objet de formations théoriques et pratiques, à destination des professionnels de santé qui la réalisent •L'établissement a formalisé un plan de communication auprès des professionnels de santé (ville et hôpital), du patient et de son entourage | H36: Pharmacie
E37: TC med | F37: La conciliation médicamenteuse est réalisée selon les bonnes pratiques avec notamment : les 3 sources d’information, la rencontre du patient et/ou son entourage, l’échange médico-pharmaceutique. | G37: •Respect du cadre fixé par l'HAS •Retrouver au moins 3 sources d’informations parmi le patient, les prescriptions, le dossier pharmaceutique, le médecin traitant ou l’IDE libérale •Les 4 étapes de la conciliation du traitement médicamenteux avec réalité de l’échange médico-pharmaceutique sont : o Recueil de l'information o Rédaction du bilan médicamenteux o Validation du bilan médicamenteux o Partage et exploitation du bilan médicamenteux •Traçabilité des 4 étapes dans le dossier patient | H37: Professionnels
E38: TC med | F38: Le bilan médicamenteux est accessible dans le dossier patient. | G38: Le bilan médicamenteux (étape 2 de la conciliation des traitements médicamenteux proactive) n’est ni une prescription, ni une ordonnance. Il établit la liste habituelle exhaustive et complète des médicaments pris ou à prendre par le patient, qu’ils soient prescrits par le médecin traitant ou le spécialiste, ou qu’ils soient pris en automédication. La validation du bilan médicamenteux est réalisée par un pharmacien, tout prescripteur (traçabilité) Vous vous assurerez que le bilan médicamenteux est disponible dans le dossier patient. | H38: Professionnels services
E39: TC med | F39: Une évaluation de la pertinence de l’activité de conciliation est réalisée (bilan de la conciliation) et les corrections apportées. | G39: •Un suivi/une évaluation régulière de l'activité de la conciliation médicamenteuse est réalisé à l'échelle institutionnelle sur le volet quantitatif, le volet organisationnel et au niveau des services/pôles sur le volet qualitatif | H39: Pharmacie | I39: Comment évaluez-vous votre activité de conciliation des traitements médicamenteux ? avec quels indicateurs ?
A40: 2.2 La maîtrise des risques liés aux pratiques | B40: 2.2-07 | C40: L’établissement promeut l’auto-administration de ses médicaments par le patient en cours d’hospitalisation (PAAM) | D40: Avancé | E40: TC med | F40: Les services volontaires définissent les critères de déploiement du programme PAAM en hospitalisation et les indicateurs d'évaluation de la démarche. | G40: Le dispositif est déployé dès lors que l’établissement/service est volontaire et a formalisé la procédure PAAM. Le service a défini ses critères de déploiement et les indicateurs d’évaluation de la démarche | H40: Professionnels
E41: TC med | F41: Les services et les patients volontaires mettent en œuvre le programme " PAAM en hospitalisation " en personnalisant le programme aux patients concernés. | G41: • vérifier que les professionnels de santé ont bénéficié d’une formation ; • les conditions de mise en oeuvre sont en place : - le patient consent, - le médecin valide, - le ou les médicaments pour le PAAM sont définis, le niveau d’autonomie est défini, - le stockage des médicaments est sécurisé, - un support précise au patient ce qu’il doit prendre (pourquoi, quand et comment) en fonction de ses besoins, - le suivi et la réévaluation sont définis, - mise à disposition équipemts nécessaires(broyeur, container pour élimination des déchets…) | H41: Professionnels
E42: TC med | F42: Une évaluation de la démarche " PAAM en hospitalisation " est conduite collectivement et des actions d’amélioration sont mises en place. | G42: • les conditions de suivi et d’évaluation du dispositif permettent à tout moment : - de cesser le PAAM par l’une ou l’autre des parties, - de repérer, signaler tout dysfonctionnement ou EIAS. | H42: Professionnels
E43: Audit système | F43: La gouvernance soutient, au travers de sa politique globale de gestion des risques, l’engagement du patient en tant qu’acteur de sa prise en charge médicamenteuse (identification des services volontaires, formation, déploiement priorisé, équipements disponibles...). | G43: Vous évaluerez auprès de la gouvernance son soutien, au sein de sa politique globale de gestion des risques, l’engagement du patient en tant qu’acteur de sa prise en charge médicamenteuse en : • identifiant les services volontaires, • vérifiant que les professionnels de santé ont bénéficié d’une formation, • priorisant le déploiement, • mettant à disposition les équipements nécessaires (broyeur, container pour l’élimination des déchets…). | H43: Gouvernance | I43: Pharmacie : Dans quel secteur avez-vous engagé le programme PAAM ? Selon quels critères les services décident-ils de s’engager ? Quels sont les équipements mis à disposition pour engager la démarche dans un secteur d’activité ? Avez-vous mis en place une formation pour les professionnels ?
B44: 2.2-12 | C44: Les équipes maîtrisent la prise en charge des urgences vitales | D44: Impératif | E44: Parcours traceur | F44: Les chariots ou sacs d’urgence sont adaptés aux patients accueillis dans l’unité et accessibles. | G44: Les chariots ou sacs d’urgence sont aisément et rapidement accessibles par les professionnels habilités à intervenir en cas d’urgence vitale. Le lieu de stockage du matériel d’urgence vitale est défini par l’établissement au regard d’une analyse comparative des bénéfices et des risques (accessibilité, rapidité de mobilisation, patient déambulant, etc.) de telle ou telle organisation : local dédié, bureau infirmier, couloir, etc. • la composition est définie et adaptée aux profils des patients de l’unité (enfants, patients trachéotomisés…) en concertation avec les professionnels habilités à l’utiliser. Les professionnels ont accès à la composition du chariot ; | H44: Professionnels | I44: − Qu’avez-vous comme matériel pour prendre en charge une urgence vitale ? Où est-il stocké ?
E45: Parcours traceur | F45: Les chariots ou sacs d’urgence sont contrôlés dans les unités de soins, leur vérification est tracée et un registre d’utilisation est tenu. | G45: • ils sont vérifiés régulièrement selon les risques du secteur (au minimum une fois par mois) ; • la traçabilité de la vérification précise date et nom du vérificateur, dates de péremption des dispositifs à usage unique et des médicaments, la vérification de l’intégrité des emballages… ; • la maintenance préventive et curative du matériel d’urgence est assurée ainsi que sa traçabilité (y compris défibrillateur) ; • après vérification, les chariots ou sacs d’urgence sont scellés. Après chaque utilisation, le chariot et/ou le sac d’urgence sont vérifiés, complétés et scellés. Un registre est tenu, y sont tracés • l’étiquette du patient ; • l’heure de l’appel, l’appelant et l’appelé ; • les circonstances ; • les produits/matériels utilisés. | H45: Professionnels | I45: − Quand est vérifié le matériel de prise en charge de l’urgence vitale et par qui ? − Quelle formation avez-vous suivie sur la prise en charge de l’urgence vitale ? De quand date-t-elle ? − Vous entraînez-vous à la prise en charge de l’urgence vitale ? De quelle manière ? Faites-vous des simulations ?
A46: 2.4 La culture de la pertinence et de l'évaluation | B46: 2.4-02 | C46: La pertinence des prescriptions d’antibiotiques est argumentée et réévaluée | D46: Impératif | E46: TC med | F46: L'établissement met en place les éléments-clés d'un programme de bon usage des ATB (politique, plan de formation des personnes ressources, stratégie d'évaluation : indicateurs et programme d'évaluation). | G46: • implication de la gouvernance pour la définition de la politique; • désignation, par les représentants légaux de l’établissement d’un ou de plusieurs référents en antibiothérapie, en charge du programme avec un temps dédié; • utilisation d’outils efficaces : référentiel d’antibiothérapie actualisé (qu’il soit national, régional ou local), protocoles de traitements, système informatique d’aide à la prescription, outils d’aide pour la dispensation contrôlée, outils d’aide pour la réévaluation…; • évaluation des prescriptions, surveillance des résistances bactériennes, de la consommation d'ATB rapportée à l’activité et diffusion des résultats aux instances et aux acteurs | H46: Professionnels | I46: Disposez-vous d’un programme de bon usage des ATB ? Que contient-il ? Qui est nommé référent en antibiothérapie dans votre établissement ? Avec quel temps dédié à la mission de coordination et de déploiement du programme de bon usage des ATB ? Un membre de la direction de l’établissement, nommé par le directeur, est-il en appui sur les actions du référent en antibiothérapie et le programme du bon usage des ATB, au regard des objectifs définis ? De quelle façon ? Au référent en antibiothérapie : quel temps pouvez vous dédier de manière effective à la coordination et au déploiement du programme de bon usage des ATB dans votre établissement ?
E47: TC med | F47: Les praticiens sont formés au bon usage des ATB, notamment ceux en cours de cursus. | G47: • formation des professionnels et information des patients et de leur famille | H47: Professionnels | I47: Pharmacie : Existe-t-il des formations régulières sur les ATB, ouvertes aux prescripteurs déjà en poste ou en formation ? Comment sont-elles réalisées ? Ces formations sont elles prévues de façon annuelle par l’établissement et approuvées par la CME ? Service de soins: Existe-t-il une formation sur les ATB ouverte à tous les nvx prescripteurs, permanents ou temporaires dans votre établissement ?
E48: TC med | F48: Toute prescription d’un traitement antibiotique et/ou sa prolongation est justifiée dans le dossier. | G48: • pour toute prescription d’un ATB et/ou toute prolongation, la justification de la prescription est tracée explicitement dans le dossier patient. Des tests rapides d’orientation diagnostique (notamment TROD angine) sont présents dans les services d’urgence; • La justification de la prescription ATB doit être tracée explicitement dans le dossier patient : justification du choix de l'ATB, de sa durée, en cas de changement. • La réflexion du praticien sur le choix des thérapeutiques doit être retrouvée. | H48: Professionnels | I48: Pharmacie : Lors de la prescription (initiation ou réévaluation) d’un antibiotique, l’indication est-elle justifiée dans le dossier médical ? Service de soins : Lors de la prescription (initiation ou réévaluation) d’un antibiotique, l’indication est-elle justifiée dans le dossier médical ? Pouvez-vous me montrer ?
E49: TC med | F49: Les praticiens se réfèrent à un référentiel pour l’antibiothérapie et peuvent faire appel à un référent en antibiothérapie. | G49: Les praticiens doivent pouvoir se référer à un référentiel sur l'antibiothérapie (curative et préventive) et des protocoles de traitements anti-infectieux : de 1ère intention des situations cliniques et infections les plus courantes / sur la base des recommandations existantes (locales et/ou des sociétés savantes - ce référentiel peut être un référentiel national). Ce référentiel comprend une aide à la démarche diagnostique incluant les bonnes pratiques de prélèvement / interprétation des principaux examens biologiques. Une stratégie active de diffusion du référentiel auprès des professionnels de santé (en poste ou en formation) est déployée. Les équipes disposent d'un accès direct à un ou des référents en antibiothérapie : en fonction de l'organisation des établissements, la Commission ou la Conférence Médicale d'Etablissement (CME) peut déléguer la politique de bon usage des anti-infectieux à un référent en antibiothérapie/Equipe Multidisciplinaire en Antibiothérapie(EMA) | H49: Professionnels | I49: Pharmacie : Disposez-vous d’un référentiel d’antibiothérapie (qu’il soit national, régional ou local) ? Quelles sont les modalités d’accès et de promotion de ce référentiel auprès des professionnels de santé (en poste ou en formation) dans votre établissement ? Service de soins : Avez-vous un correspondant en antibiothérapie dans votre service ? Quel est son rôle ? Savez-vous qui est le référent en antibiothérapie de l’établissement ? Avez-vous des contacts réguliers avec lui ? De quelle façon ? Avez-vous accès à un référentiel d’antibiothérapie ? Pouvez-vous me le montrer ?
E50: TC med | F50: Les prescriptions d’antibiotiques sont systématiquement réévaluées entre la 24e et la 72e heure. | G50: L'antibiothérapie doit être prescrite avec une date de début et une date d'arrêt prévue La réévaluation de l'antibiothérapie entre la 24ème et la 72ème heure est justifiée et tracée dans le dossier patient (maintien/arrêt/désescalade thérapeutique/modification de la durée, de la voie d'administration). Un système informatique doit permettre de générer une alerte visible dans le dossier patient pour cette réévaluation. Exemples d'évaluations des pratiques réalisables : respect de la molécule recommandée, de la durée, de la posologie, évaluation de la réévaluation / réadaptation du traitement. Des Quick-Audits effectués sur un seul critère (ex : réévaluation, durée des prescriptions, ...) ou sur une situation clinique (ex : infections urinaires masculines...) | H50: Professionnels | I50: Pharmacie : Pouvez-vous me montrer ? Comment s’organise la réévaluation de l’antibiothérapie ? Disposez-vous d’une alerte dans votre logiciel de prescription ou de dispensation ? Y a-t-il une intervention en temps réel du pharmacien ou du référent lors de la réévaluation ? Service de soins : Comment s’organise la réévaluation de l’antibiothérapie ? Disposez-vous d’une alerte dans votre logiciel de prescription ?
E51: TC med | F51: L'EOH, les équipes, le référent en ATB, PUI et laboratoire de microbiologie, le cas échéant, surveillent leur consommation d'ATB et les résistances aux ATB | G51: Suivi des indicateurs à réaliser : surveillance de la consommation des ATB rapportée à l'activité, surveillance des données de résistance bactérienne. Ces surveillances sont standardisées conformément à la méthodologie de la mission SPARES. Ces données de surveillance sont restituées sous un format pertinent par le référent en antibiothérapie à toutes les disciplines participantes présentées ts les ans en CME, prises en compte pour la définition du plan d’action concerté annuel, intégrées dans le bilan d’activité annuel. | H51: Professionnels | I51: Pharmacie : En associant le référent en antibiothérapie, disposez-vous d’un programme de bon usage des ATB ? Que contient-il ? Comment avez-vous identifié/renforcé les modalités de prescription et de suivi des ATB au sein de votre établissement ? Selon quelles modalités ? Effectuez-vous au sein de l’établissement des audits évaluant la pertinence des antibiothérapies ? Si oui, à quelle fréquence ? Selon quels critères ? De quelle manière sont restitués les résultats ? Connaissez-vous le pourcentage d'ATB prescrits en conformité avec votre référentiel dans votre établissement dans certaines infections bactériennes courantes ?
A52: 1.1 Le respect des droits du patient | B52: 1.1-05 | C52: Le patient bénéficie de soins visant à anticiper ou soulager rapidement sa douleur | D52: Impératif | E52: Patient traceur | F52: L'anticipation et les mesures pour soulager la douleur, évaluée à l'appui d'une échelle adaptée, sont retrouvées dans le dossier. | G52: Présence de l’évaluation initiale de la douleur avec une échelle adaptée (EN, EVA, EVS, échelle comportementale…) protocoles CLUD Traçabilité de l'information douloureuse à l’arrivée du patient et lors d’événements douloureux prévisibles (soins invasifs, acte chirurgical…) Prescription anticipée analysée (antalgiques palier 1–2–3, protocoles, alternatives non médicamenteuses) Voir traçabilité dans le dossier - | H52: Professionnels services
E53: Patient traceur | F53: Les réévaluations de la douleur sont tracées dans le dossier permettant une adaptation de la thérapeutique si besoin. | G53: Réévaluation systématique après l’administration d’un traitement (délai en cohérence avec la voie d'administration) Ajustement du traitement si douleur persistante (changement posologie, palier, fréquence…) Identification des douleurs récurrentes/épisodes aigus Traçabilité | H53: Professionnels services
E54: Patient traceur | F54: Les professionnels proposent des modes de prise en charge non médicamenteuse de la douleur. | G54: Recours à des alternatives, selon recommandations nationales ou du CLUD (ex : hypnose, glace/chaleur, repositionnement, relaxation,...) | H54: Professionnels services
A55: 1.2 L'information du patient | B55: 1.2-04 | C55: Le patient, en prévision de sa sortie, connaît les consignes de suivi pour sa prise en charge | D55: standard | E55: Parcours traceur | F55: En prévision de sa sortie, le patient est informé sur les éventuels nouveaux traitements prescrits, la nécessité de signaler tout effet indésirable lié au traitement, et dispose d'un comparatif expliqué entre le traitement d'entrée et de sortie. | G55: • Le patient est informé de ses traitements tout au long de sa prise en charge et spécifiquement lors de la sortie (nouveau traitement prescrit, modification de prescription…). • La remise de conseils bon usage du médicament, au patient est tracée (DPI, fiche d'intervention pharmaceutique...) ex : affiches, plaquettes, flyer spécifiques … | H55: Professionnels services
E56: Parcours traceur | F56: Une lettre de liaison est remise au patient avec les explications, par un médecin ou par un autre membre de l'équipe de soins, le jour de sa sortie ou la veille en cas de retour à domicile, et versée dans le dossier médical de Mon espace santé (DMP), sauf opposition du patient. | G56: • Lettre de liaison avec bilan thérapeutique | H56: Professionnels services | I56: Pourrez-vous me montrer la lettre de liaison du patient ? Pouvez-vous me montrer le bilan thérapeutique ? Quand lui a-t-elle été remise ? Comment expliquez-vous au patient le contenu de cette lettre ? A-t-elle été adressée au médecin traitant ? Quand ? Comment ?
A57: 3.4 : L'adaptation à des soins écoresponsables et aux innovations numériques | B57: 3.4-02 | C57: L’établissement s’engage dans des soins écoresponsables | D57: standard | E57: Audit système | F57: Les équipes sont sensibilisées aux soins écoresponsables et à l'impact environnemental de leurs pratiques (gestion des déchets, consommation de ressources (matériels, produits, eau, électricité …)). | G57: • Formations / sensibilisation des équipes aux enjeux de la transformation écologique appliqués à la santé - Exemple ateliers Plan Health Faire • Développement d'actions en faveur de “Soins écoresponsables” - Exemples : réduction des déchets, amélioration des parcours de prise en charge, label Green bloc et/ou diffusion de travaux sur l'écoprescription (ex : Plaquettes Ecoprescription OMéDIT Normantibio) ... | H57: Professionnels

Sheet Entretien patient - Service 2
A1: Objectif | B1: N° de critère | C1: Libellé critère | D1: Niveau d'exigence | E1: Champ d'application | F1: Méthode d'évaluation Certification | G1: Eléments d'évaluation | H1: Attendus et vigilances spécifiques | I1: Réponse OUI/NON ou (Non applicable seulement pour les cases grisée) | J1: Commentaires
A2: Questions préalables à l'hospitalisation | G2: • Avant votre hospitalisation, vous a-t-on demandé d'apporter vos médicaments ? et les avez-vous apportés ? Si oui, l'équipe de l'unité de soins les a-t-elle récupérés ? • Avant votre hospitalisation, vous a-t-on demandé d'apporter vos ordonnances ? et les avez-vous apportées ?
A3: 1.1 Le respect des droits du patient | B3: 1.1-05 | C3: Le patient bénéficie de soins visant à anticiper ou à soulager rapidement sa douleur | D3: Impératif | E3: Tout l'établissement | F3: patient traceur | G3: Le patient est incité à exprimer sa douleur, dès lors qu'il la ressent ou est susceptible de la ressentir, et ce jusqu’au soulagement de la douleur et à une amélioration de son bien-être et/ou de sa qualité de vie. | H3: • Vous a-t-on évalué régulièrement votre douleur ? Avec une échelle ? • En cas de douleur, le traitement a-t-il été médicamenteux ou non médicamenteux ? • Avez-vous été soulagé ?
A4: 1.2 L’information du patient | B4: 1.2-03 | C4: Le patient connaît les dispositifs médicaux qui lui sont implantés durant son séjour et reçoit les consignes de suivi appropriées | D4: Standard | E4: Chirurgie et interventionnel | F4: patient traceur | G4: • Avant la pose du dispositif médical implantable, le patient a été informé : type de dispositif médical, durée de vie prévisionnelle, suivi nécessaire… | H4: Les professionnels doivent remettre la carte d’implant contenant toutes les informations liées au DMI au patient à sa sortie.
F5: patient traceur | G5: • Le patient est informé des complications possibles et des conduites à tenir (précautions à prendre par le patient ou par un professionnel de santé et bon usage du dispositif) à la suite de l’implantation du dispositif.
B6: 1.2-04 | C6: Le patient, en prévision de sa sortie, connaît les consignes de suivi pour sa prise en charge | D6: Standard | E6: Tout l'établissement | F6: patient traceur | G6: Le patient, en prévision de sa sortie est informé : – des éventuelles modifications de son traitement habituel (arrêt, substitution, posologie, etc.) – de l’éventuel nouveau traitement prescrit – des consignes de suivi – de la nécessité de signaler tout effet indésirable lié à son traitement médicamenteux et selon les modalités indiquées | H6: • Savez-vous si vous avez eu des modifications de traitement ? • Vous a-t-on expliqué pourquoi ? • Avez-vous été informé sur les effets de vos médicaments, les modalités de prises, les bénéfices et leurs effets indésirables éventuels ? • Avez-vous compris toutes les informations données concernant vos médicaments ? • Si besoin, avez-vous eu la possibilité de questionner les professionnels pour avoir des explications complémentaires ? • Si oui, savez-vous qui interroger ?

Sheet Résultats - Service 2
A1: Service 2 : | F1: ='Informations générales'!$C$18 -> 0
A3: 1 - Audit sur le circuit du médicament
A5: Chapitre | B5: OUI | C5: NON | D5: NA | E5: % de conformité
A6: Chapitre 1 : Le patient (8 éléments d'évaluation) | B6: =SUM('Fichier analyse'!$L8:$L11,'Fichier analyse'!$L13:$L17) -> 0 | C6: =SUM('Fichier analyse'!$M8:$M11,'Fichier analyse'!$M13:$M17) -> 0 | D6: =SUM('Fichier analyse'!$N8:$N11,'Fichier analyse'!$N13:$N17) -> 0 | E6: =IFERROR(B6/(B6+C6),"NA") -> NA
A7: Chapitre 2 : Les équipes de soin (42 éléments d'évaluation) | B7: =SUM('Fichier analyse'!$L19:$L23,'Fichier analyse'!$L25:$L63,'Fichier analyse'!$L65:$L70) -> 0 | C7: =SUM('Fichier analyse'!$M19:$M23,'Fichier analyse'!$M25:$M63,'Fichier analyse'!$M65:$M70) -> 0 | D7: =SUM('Fichier analyse'!$N19:$N23,'Fichier analyse'!$N25:$N63,'Fichier analyse'!$N65:$N70) -> 0 | E7: =IFERROR(B7/(B7+C7),"NA") -> NA
A8: Chapitre 3 : L'établissement de santé (1 élément d'évaluation) | B8: =SUM('Fichier analyse'!$L72) -> 0 | C8: =SUM('Fichier analyse'!$M72) -> 0 | D8: =SUM('Fichier analyse'!$N72) -> 0 | E8: =IFERROR(B8/(B8+C8),"NA") -> NA
A11: Objectif | B11: OUI | C11: NON | D11: NA | E11: % de conformité
A12: 1.1 Le respect des droits du patient (4 éléments d'évaluation) | B12: =SUM('Fichier analyse'!$L8:$L11) -> 0 | C12: =SUM('Fichier analyse'!$M8:$M11) -> 0 | D12: =SUM('Fichier analyse'!$N8:$N11) -> 0 | E12: =IFERROR(B12/(B12+C12),"NA") -> NA
A13: 1.2 L'information du patient (4 éléments d'évaluation) | B13: =SUM('Fichier analyse'!$L13:$L17) -> 0 | C13: =SUM('Fichier analyse'!$M13:$M17) -> 0 | D13: =SUM('Fichier analyse'!$N13:$N17) -> 0 | E13: =IFERROR(B13/(B13+C13),"NA") -> NA
A14: 2.1 La coordination des équipes pour la prise en charge du patient (5 éléments d'évaluation) | B14: =SUM('Fichier analyse'!$L19:$L23) -> 0 | C14: =SUM('Fichier analyse'!$M19:$M23) -> 0 | D14: =SUM('Fichier analyse'!$N19:$N23) -> 0 | E14: =IFERROR(B14/(B14+C14),"NA") -> NA
A15: 2.2 La maîtrise des risques liés aux pratiques (31 éléments d'évaluation) | B15: =SUM('Fichier analyse'!$L25:$L63) -> 0 | C15: =SUM('Fichier analyse'!$M25:$M63) -> 0 | D15: =SUM('Fichier analyse'!$N25:$N63) -> 0 | E15: =IFERROR(B15/(B15+C15),"NA") -> NA
A16: 2.4 La culture de la pertinence et de l'évaluation (6 éléments d'évaluation) | B16: =SUM('Fichier analyse'!$L65:$L70) -> 0 | C16: =SUM('Fichier analyse'!$M65:$M70) -> 0 | D16: =SUM('Fichier analyse'!$N65:$N70) -> 0 | E16: =IFERROR(B16/(B16+C16),"NA") -> NA
A17: 3.4 L'adaptation à des soins écoresponsables et aux innovations numériques (1 seul élément d'évaluation) | B17: =SUM('Fichier analyse'!$L72) -> 0 | C17: =SUM('Fichier analyse'!$M72) -> 0 | D17: =SUM('Fichier analyse'!$N72) -> 0 | E17: =IFERROR(B17/(B17+C17),"NA") -> NA
A20: 2 - Entretien patient
A21: (Critères impératifs indiqués en rouge et critères avancés en vert)
A22: Objectif | C22: Critère | K22: Réponse
A23: Objectif 1.1 Le respect des droits du patient | K23: =$E12 -> NA
A24: CRIT 1.1-05 Le patient bénéficie de soins visant à anticiper ou soulager rapidement sa douleur | K24: =IFERROR(('Fichier analyse'!$O12),"NA") -> NA
A25: Objectif 1.2 L’information du patient | K25: =$E13 -> NA
A26: CRIT 1.2-03 Le patient connaît les dispositifs médicaux qui lui sont implantés durant son séjour et reçoit les consignes de suivi appropriées | K26: =IFERROR(AVERAGE('Fichier analyse'!$O13:$O14),"NA") -> NA
A27: CRIT 1.2-04 Le patient, en prévision de sa sortie, connaît les consignes de suivi pour sa prise en charge | K27: =IFERROR(AVERAGE('Fichier analyse'!$O15:$O17),"NA") -> NA
A28: Objectif 2.1 La coordination des équipes pour la prise en charge du patient | K28: =IFERROR(('Fichier analyse'!$O24),"NA") -> NA
A29: CRIT 2.1-04 Les équipes réalisent la conciliation médicamenteuse pour les populations ciblées | K29: =$E14 -> NA
A30: Objectif 2.2 La maîtrise des risques liés aux pratiques | K30: =$E15 -> NA
A31: CRIT 2.2-02 Les équipes respectent les bonnes pratiques de prescription des médicaments | K31: =IFERROR(AVERAGE('Fichier analyse'!$O25:$O28),"NA") -> NA
A32: CRIT 2.2-03 Les équipes respectent les bonnes pratiques de dispensation des médicaments | K32: =IFERROR(AVERAGE('Fichier analyse'!$O29:$O34),"NA") -> NA
A33: CRIT 2.2-04 Les équipes respectent les bonnes pratiques d’approvisionnement des produits de santé | K33: =IFERROR(AVERAGE('Fichier analyse'!$O35:$O45),"NA") -> NA
A34: CRIT 2.2-05 Les équipes respectent les bonnes pratiques d’administration des médicaments | K34: =IFERROR(AVERAGE('Fichier analyse'!$O46:$O52),"NA") -> NA
A35: CRIT 2.2-06 Les équipes préviennent les risques d’erreur médicamenteuse | K35: =IFERROR(AVERAGE('Fichier analyse'!$O53:$O57),"NA") -> NA
A36: CRIT 2.2-07 L’établissement promeut l’auto-administration de ses médicaments par le patient en cours d’hospitalisation (PAAM) | K36: =IFERROR(AVERAGE('Fichier analyse'!$O58:$O61),"NA") -> NA
A37: CRIT 2.2-12 Les équipes maîtrisent la prise en charge des urgences vitales | K37: =IFERROR(AVERAGE('Fichier analyse'!$O62:$O63),"NA") -> NA
A38: Objectif 2.4 La culture de la pertinence et de l'évaluation | K38: =$E16 -> NA
A39: CRIT 2.4-02 La pertinence des prescriptions d’antibiotiques est argumentée et réévaluée | K39: =IFERROR(AVERAGE('Fichier analyse'!$O65:$O70),"NA") -> NA
A40: Objectif 3.4 L'adaptation à des soins écoresponsables et aux innovations numériques | K40: =$E17 -> NA
A41: CRIT 3.4-06 L’établissement s’engage dans des soins écoresponsables | K41: =IFERROR(AVERAGE('Fichier analyse'!$O72),"NA") -> NA
A45: 3 - Synthèse

Sheet Feuille2
A1: liste 1 | B1: liste 2
A2: OUI | B2: OUI
A3: NON | B3: NON
B4: Non applicable
